 Dungeon Crawl Stone Soup version 0.29-a0-409-gd843f3a48c (webtiles) character file.

Game seed: 11709837490076519394

1012060 frimble the Politician (level 27, -8/240 HPs)
             Began as a Gnoll Warper on May 14, 2022.
             Was the Champion of Cheibriados.
             Killed from afar by a shock serpent (19 damage)
             ... with a bolt of electricity
             ... in Pandemonium on May 15, 2022.
             The game lasted 03:31:01 (78074 turns).

frimble the Politician (Gnoll Warper)              Turns: 78074, Time: 03:31:02

Health: -8/240     AC: 42    Str: 28    XL:     27
Magic:  58/61      EV: 31    Int: 45    God:    Cheibriados [******]
Gold:   12183      SH: 36    Dex: 27    Spells: 6/75 levels left

rFire   + + .      SeeInvis .     - Unarmed
rCold   + + +      Faith    .   Z - +8 tower shield
rNeg    + + +      Spirit   .   F - +6 chain mail "Gadwot" {Regen+}
rPois   ∞          Reflect  .   h - +3 hat of Pondering {ponderous, Will+ MP+10 Int+5}
rElec   .          Harm     .   y - +1 cloak of the Butterfly {rPois Will+}
rCorr   +          Rampage  .   T - +0 pair of gloves of the Final Olives {Regen+ rCorr Str+3 Slay+2}
Will    +++++                   l - +2 pair of boots {Stlth+}
Stlth   +++++++...              d - amulet "Zog Kier" {RegenMP Fragile +Blink rN+ Str+2}
HPRegen 2.10/turn               A - ring "Cups" {Fly rF+ rC+}
MPRegen 0.77/turn               j - ring of Departure {rPois rF+ rC+ rN+ Will+++ Str-4}

@: mighty, brilliant, lich-form, flying, studying 8 skills, very slow
A: draining attack, torment immunity, no potions, fangs 1, strong nose,
distributed training, hooves 1
}: 7/15 runes: decaying, slimy, silver, golden, glowing, fiery, gossamer
a: End Transformation, Renounce Religion, Evoke Blink, Bend Time, Temporal
Distortion, Slouch, Step From Time


You were in Pandemonium.
You worshipped Cheibriados.
Cheibriados was exalted by your worship.
You were an undead lich.
You visited 13 branches of the dungeon, and saw 60 of its levels.
You visited Pandemonium 1 time, and saw 9 of its levels.
You visited 3 ziggurats (completing 1), and saw 55 of their levels.

You collected 13477 gold pieces.
You spent 1294 gold pieces at shops.

Inventory:

Hand Weapons
 b - the +8 Vampire's Tooth {vamp}
   (You found it on level 25 of a ziggurat)

   It occasionally heals its wielder for the full amount of damage dealt when it
   wounds a living foe.
Missiles
 v - 8 throwing nets
 G - 10 curare-tipped darts
 O - 28 javelins (quivered)
 Y - 46 poisoned darts
Armour
 h - the +3 hat of Pondering (worn) {ponderous, Will+ MP+10 Int+5}
   (You took it off Gastronok on level 11 of the Dungeon)

   Int:       It affects your intelligence (+5).
   MP:        It affects your magic capacity (+10).
   Will:      It increases your willpower.
 l - a +2 pair of boots of stealth (worn)
 y - the +1 cloak of the Butterfly (worn) {rPois Will+}
   (You acquired it on level 20 of a ziggurat)

   rPois:     It protects you from poison.
   Will:      It increases your willpower.
 B - the +9 scales of the Dragon King {rPois rF+ rC+ Will+}
   (You took it off a deep elf blademaster on level 3 of the Elven Halls)

   rF:        It protects you from fire.
   rC:        It protects you from cold.
   rPois:     It protects you from poison.
   Will:      It increases your willpower.
 F - the +6 chain mail "Gadwot" (worn) {Regen+}
   (You found it on level 16 of a ziggurat)

   Regen:     It increases your rate of health regeneration.
 Q - the +0 pair of gloves of the Sunfish {rC+ Slay+6}
   (You found it on level 7 of a ziggurat)

   Slay:      It affects your accuracy & damage with ranged weapons and melee
   (+6).
   rC:        It protects you from cold.
 T - the +0 pair of gloves of the Final Olives (worn) {Regen+ rCorr Str+3 Slay+2}
   (You found it on level 5 of the Vaults)

   Str:       It affects your strength (+3).
   Slay:      It affects your accuracy & damage with ranged weapons and melee
   (+2).
   Regen:     It increases your rate of health regeneration.
   rCorr:     It protects you from acid and corrosion.
 Z - a +8 tower shield (worn)
Jewellery
 a - the ring "Nopnuvuy" {Wiz rF+ Int+4}
   (You took it off an efreet in Pandemonium)

   [ring of wizardry]

   It improves your spell success rate.
   Int:       It affects your intelligence (+4).
   rF:        It protects you from fire.
 d - the amulet "Zog Kier" (around neck) {RegenMP Fragile +Blink rN+ Str+2}
   (You took it off a deep elf blademaster on level 3 of the Elven Halls)

   [amulet of magic regeneration]

   It increases your rate of magic regeneration.
   Str:       It affects your strength (+2).
   rN:        It protects you from negative energy.
   +Blink:    It lets you blink.
   Fragile:   It will be destroyed if unequipped.
 j - the ring of Departure (right hand) {rPois rF+ rC+ rN+ Will+++ Str-4}
   (You found it on level 22 of a ziggurat)

   [ring of protection from cold]

   Str:       It affects your strength (-4).
   rF:        It protects you from fire.
   rC:        It protects you from cold.
   rPois:     It protects you from poison.
   rN:        It protects you from negative energy.
   Will:      It greatly increases your willpower.
 k - the ring of Duocuharch {rN+ Will+ Int+4 Dex+6}
   (You took it off a deep elf annihilator on level 3 of the Elven Halls)

   [ring of dexterity]

   Int:       It affects your intelligence (+4).
   Dex:       It affects your dexterity (+6).
   rN:        It protects you from negative energy.
   Will:      It increases your willpower.
 q - the ring "Bytzikli" {Wiz rF+ Str+4 Slay+3}
   (You found it on level 19 of a ziggurat)

   [ring of wizardry]

   It improves your spell success rate.
   Str:       It affects your strength (+4).
   Slay:      It affects your accuracy & damage with ranged weapons and melee
   (+3).
   rF:        It protects you from fire.
 r - the ring "Roqarido" {Fire Str+5 Int+6 Stlth-}
   (You found it on level 23 of a ziggurat)

   [ring of fire]

   It enhances your fire magic.
   Str:       It affects your strength (+5).
   Int:       It affects your intelligence (+6).
   rF:        It protects you from fire.
   rC:        It makes you vulnerable to cold.
   Stlth:     It makes you less stealthy.
 A - the ring "Cups" (left hand) {Fly rF+ rC+}
   (You took it off a deep elf elementalist on level 3 of the Elven Halls)

   [ring of protection from cold]

   rF:        It protects you from fire.
   rC:        It protects you from cold.
   Fly:       It grants you flight.
Wands
 t - a wand of acid (30)
 W - a wand of iceblast (62)
Scrolls
 e - 16 scrolls of blinking
 f - 10 scrolls of immolation
 n - 13 scrolls of vulnerability
 p - 7 scrolls of enchant armour
 s - 23 scrolls of fog
 H - 39 scrolls of teleportation
 I - 11 scrolls of fear
 L - 19 scrolls of amnesia
 M - 4 scrolls of summoning
 P - 6 scrolls of enchant weapon
 S - 16 scrolls of magic mapping
 U - 14 scrolls of silence
Potions
 c - 4 potions of attraction
 g - 6 potions of brilliance
 i - 22 potions of curing
 m - 16 potions of magic
 o - 3 potions of heal wounds
 u - 10 potions of flight
 x - 5 potions of berserk rage
 z - 14 potions of lignification
 E - a potion of cancellation
 J - 12 potions of might
 K - 10 potions of ambrosia
 N - 2 potions of invisibility
 V - 33 potions of mutation
 X - 7 potions of resistance
Miscellaneous
 w - a box of beasts
 C - a condenser vane
 D - a tin of tremorstones (2/2)
 R - a phantom mirror


   Skills:
 + Level 24.8 Fighting
 O Level 27 Short Blades
 + Level 26.6 Long Blades
 + Level 24.5 Axes
 + Level 24.5 Maces & Flails
 O Level 27 Polearms
 + Level 24.5 Staves
 + Level 24.5 Slings
 + Level 24.5 Bows
 + Level 24.5 Crossbows
 + Level 24.6 Throwing
 O Level 27 Armour
 + Level 24.8 Dodging
 + Level 24.5 Stealth
 O Level 27 Shields
 O Level 27 Unarmed Combat
 + Level 24.8 Spellcasting
 + Level 21.0 Conjurations
 + Level 21.0 Hexes
 + Level 21.0 Summonings
 + Level 21.0 Necromancy
 + Level 21.6 Translocations
 + Level 21.0 Transmutations
 + Level 23.8 Fire Magic
 + Level 21.0 Ice Magic
 + Level 21.0 Air Magic
 + Level 21.0 Earth Magic
 + Level 21.0 Poison Magic
 O Level 27 Invocations
 + Level 24.5 Evocations


You had 6 spell levels left.
You knew the following spells:

 Your Spells              Type           Power      Damage    Failure   Level
a - Statue Form           Tmut/Erth      100%       N/A       0%          6
b - Ozocubu's Refrigerat  Ice            76%        4d20      1%          7
c - Sticky Flame          Conj/Fire      100%       2d11      0%          4
d - Polar Vortex          Ice            76%        N/A       11%         9
e - Necromutation         Tmut/Necr      89%        N/A       1%          8
f - Borgnjor's Vile Clut  Necr/Erth      89%        N/A       0%          5
g - Ignite Poison         Fire/Tmut/Pois 100%       N/A       0%          3
h - Blink                 Tloc           100%       N/A       0%          2
i - Yara's Violent Unrav  Hex/Tmut       76%        3d28      0%          5
j - Ignition              Fire           79%        3d21      1%          8
k - Passwall              Tmut/Erth      100%       N/A       0%          2
l - Apportation           Tloc           100%       N/A       0%          1
n - Shatter               Erth           76%        3d56*     11%         9

Your spell library contained the following spells:

 Spells                   Type           Power      Damage    Failure   Level
 Animate Skeleton         Necr           100%       N/A       0%          1
 Beastly Appendage        Tmut           100%       N/A       0%          1
 Foxfire                  Conj/Fire      100%       2x1d9     0%          1
 Magic Dart               Conj           100%       1d8       0%          1
 Pain                     Necr           100%       1d9       0%          1
 Sandblast                Erth           100%       2d20      0%          1
 Shock                    Conj/Air       100%       1d9       0%          1
 Slow                     Hex            100%       N/A       0%          1
 Sting                    Tmut/Pois      100%       1d8       0%          1
 Summon Small Mammal      Summ           100%       N/A       0%          1
 Call Imp                 Summ           100%       N/A       0%          2
 Corpse Rot               Necr/Air       100%       N/A       0%          2
 Ensorcelled Hibernation  Hex/Ice        100%       N/A       0%          2
 Poisonous Vapours        Pois/Air       100%       N/A       0%          2
 Scorch                   Fire           100%       2d10      0%          2
 Searing Ray              Conj           100%       2d8       0%          2
 Static Discharge         Conj/Air       100%       N/A       0%          2
 Sublimation of Blood     Necr           100%       N/A       0%          2
 Wereblood                Tmut           100%       N/A       0%          2
 Call Canine Familiar     Summ           100%       N/A       0%          3
 Confusing Touch          Hex            100%       N/A       0%          3
 Conjure Flame            Conj/Fire      100%       6-21      0%          3
 Dazzling Flash           Conj/Hex       100%       N/A       0%          3
 Frozen Ramparts          Ice            100%       1d12      0%          3
 Gell's Gravitas          Tloc           100%       N/A       0%          3
 Inner Flame              Hex/Fire       100%       N/A       0%          3
 Lesser Beckoning         Tloc           100%       N/A       0%          3
 Mephitic Cloud           Conj/Pois/Air  100%       N/A       0%          3
 Ozocubu's Armour         Ice            100%       N/A       0%          3
 Portal Projectile        Hex/Tloc       100%       N/A       0%          3
 Spider Form              Tmut/Pois      100%       N/A       0%          3
 Stone Arrow              Conj/Erth      100%       3d13      0%          3
 Summon Guardian Golem    Hex/Summ       100%       N/A       0%          3
 Swiftness                Air            100%       N/A       0%          3
 Teleport Other           Tloc           100%       N/A       0%          3
 Tukima's Dance           Hex            100%       N/A       0%          3
 Vampiric Draining        Necr           100%       2d13      0%          3
 Airstrike                Air            76%        N/A       0%          4
 Anguish                  Hex/Necr       89%        N/A       0%          4
 Animate Armour           Summ/Erth      100%       N/A       0%          4
 Animate Dead             Necr           89%        N/A       0%          4
 Cause Fear               Hex            76%        N/A       0%          4
 Dispel Undead            Necr           100%       3d31      0%          4
 Flame Wave               Conj/Fire      100%       2d17      0%          4
 Fulminant Prism          Conj/Hex       76%        3d32      0%          4
 Hailstorm                Conj/Ice       100%       3d20      0%          4
 Ice Form                 Ice/Tmut       100%       N/A       0%          4
 Iskenderun's Mystic Bla  Conj/Tloc      100%       2d19      0%          4
 Leda's Liquefaction      Hex/Erth       76%        N/A       0%          4
 Olgreb's Toxic Radiance  Pois           100%       N/A       0%          4
 Passage of Golubria      Tloc           100%       N/A       0%          4
 Petrify                  Tmut/Erth      100%       N/A       0%          4
 Summon Ice Beast         Ice/Summ       100%       N/A       0%          4
 Summon Lightning Spire   Summ/Air       100%       N/A       0%          4
 Agony                    Necr           100%       N/A       0%          5
 Alistair's Intoxication  Tmut/Pois      100%       N/A       0%          5
 Blade Hands              Tmut           76%        N/A       0%          5
 Excruciating Wounds      Necr           89%        N/A       0%          5
 Fireball                 Conj/Fire      78%        3d29      0%          5
 Freezing Cloud           Conj/Ice/Air   76%        6-21      0%          5
 Irradiate                Conj/Tmut      76%        3d38      0%          5
 Iskenderun's Battlesphe  Conj           100%       2d15      0%          5
 Lee's Rapid Deconstruct  Erth           76%        3d35*     0%          5
 Lightning Bolt           Conj/Air       76%        1d102     0%          5
 Manifold Assault         Tloc           100%       N/A       0%          5
 Metabolic Englaciation   Hex/Ice        76%        N/A       0%          5
 Silence                  Hex/Air        76%        N/A       0%          5
 Summon Forest            Summ/Tloc      76%        N/A       0%          5
 Summon Mana Viper        Hex/Summ       100%       N/A       0%          5
 Conjure Ball Lightning   Conj/Air       76%        3x3d28    0%          6
 Death Channel            Necr           89%        N/A       0%          6
 Dispersal                Tloc           77%        N/A       0%          6
 Eringya's Noxious Bog    Tmut/Pois      76%        N/A       0%          6
 Iron Shot                Conj/Erth      76%        9d14      0%          6
 Simulacrum               Ice/Necr       89%        N/A       0%          6
 Starburst                Conj/Fire      78%        6d20      0%          6
 Summon Cactus Giant      Summ           76%        N/A       0%          6
 Dragon Form              Tmut           76%        N/A       1%          7
 Enfeeble                 Hex            76%        N/A       1%          7
 Haunt                    Necr/Summ      89%        N/A       1%          7
 Malign Gateway           Summ/Tloc      76%        N/A       1%          7
 Orb of Destruction       Conj           76%        9d17      1%          7
 Spellforged Servitor     Conj/Summ      76%        N/A       1%          7
 Storm Form               Tmut/Air       76%        N/A       1%          7
 Summon Hydra             Summ           76%        N/A       1%          7
 Borgnjor's Revivificati  Necr           89%        N/A       1%          8
 Discord                  Hex            76%        N/A       1%          8
 Disjunction              Tloc           77%        N/A       1%          8
 Infestation              Necr           89%        N/A       1%          8
 Lehudib's Crystal Spear  Conj/Erth      76%        10d17     1%          8
 Maxwell's Capacitive Co  Air            76%        ∞         1%          8
 Summon Horrible Things   Summ           76%        N/A       1%          8
 Fire Storm               Conj/Fire      78%        8d20      6%          9
 Chain Lightning          Conj/Air       76%        3d102     11%         9
 Death's Door             Necr           89%        N/A       11%         9
 Dragon's Call            Summ           76%        N/A       11%         9


Dungeon Overview and Level Annotations

Branches:
Dungeon (15/15)            Temple (0/1) D:6            Lair (6/6) D:8
  Swamp (4/4) Lair:4       Spider (4/4) Lair:4        Slime (5/5) Lair:6
    Orc (2/2) D:11            Elf (3/3) Orc:2        Vaults (5/5) D:14
  Crypt (3/3) Vaults:3       Tomb (3/3) Crypt:3      Depths (4/4) D:15
   Hell (visited)             Geh (0/7) Hell            Zot (5/5) Depths:4
    Dis: Hell:1         Coc: Hell:1         Tar: Hell:1

Altars:
Cheibriados
Hepliaklqana
Kikubaaqudgha
Makhleb
Okawaru
Ru
Sif Muna
Trog
Xom
Yredelemnul
The Shining One
Beogh
Jiyva

Shops:
D:10 !   Orc:2 *=?[   Vaults:3 =*[   Vaults:4 (   Depths:1 :==   Depths:3 ![

Portals:
Hell: Depths:1 Depths:2 Depths:3 Depths:4
Abyss: Depths:2 Depths:3
Pandemonium: Depths:2 Depths:3 Depths:4
Trove: Vaults:1 (give 11 potions of heal wounds)

Annotations:
D:6 exclusion: door
D:13 2 transporters, Juicyj's ghost, journeyman MiFi
Lair:6 exclusion: oklob plant
Elf:2 3 runed translucent doors
Depths:2 exclusion: caustic shrike
Pan Lom Lobon


Innate Abilities, Weirdness & Mutations

You are an undead lich.
Your unarmed attacks are suffused with negative energy.
You are immune to unholy pain and torment.
Your necromantic spells are more powerful.
You cannot drink.
You are immune to poison.
You have very sharp teeth.
Your uncanny sense of smell can sniff out nearby items.
Your experience applies equally to all skills.
You have large cloven feet.


Message History

You hear a shout!
Casting: Necromutation (mildly dangerous; 1% risk of failure)
Confirm with . or Enter, or press ? or * to list all spells.
Casting: Ignition (mildly dangerous; 1% risk of failure)
Press: ? - help, Dir - look around, f - activate You feel a surge of power!
The air bursts into flame!
The fireball engulfs the shock serpent!!
The shock serpent is heavily wounded.
The fireball engulfs the shock serpent!!
The shock serpent is severely wounded.
The shock serpent hisses angrily.
The fireball engulfs the shock serpent!!!
The shock serpent is severely wounded.
The fireball engulfs the wizard!!!
You kill the wizard!
Cheibriados thoroughly appreciates the change of pace.
The fireball engulfs the wizard!!
The wizard is severely wounded.
The fireball engulfs the hellwing!!
The hellwing is heavily wounded.
The fireball engulfs the smoke demon.
The smoke demon resists.
The smoke demon is lightly wounded.
The fireball engulfs the smoke demon.
The smoke demon resists.
The smoke demon is moderately wounded.
The fireball engulfs the smoke demon.
The smoke demon resists.
The smoke demon is moderately wounded.
The fireball engulfs the hellwing!!
You kill the hellwing!
Cheibriados thoroughly appreciates the change of pace.
The fireball engulfs the shock serpent!!!
You kill the shock serpent!
Cheibriados thoroughly appreciates the change of pace.
The shock serpent's electric aura discharges violently, shocking you!
* * * LOW HITPOINT WARNING * * *
The air sparks with electricity, shocking you!
* * * LOW HITPOINT WARNING * * *
You hear a roar!
The shock serpent shoots out a bolt of lightning at you!
The bolt of electricity hits you!!
You die...

≈≈≈≈≈≈≈≈≈≈≈≈,,,≈≈≈≈≈≈≈≈≈≈≈≈≈#.#
≈≈≈≈≈≈≈≈≈≈........≈≈≈≈≈≈≈≈≈≈*,*
≈≈≈≈≈≈≈≈≈...........≈≈≈≈≈≈≈≈*,*
≈≈≈≈≈,,,,..⌠...⌠.....≈≈≈≈≈≈≈*,***
≈≈,,,,,,,..^....3...####≈≈≈≈*,,,,
,,,,,,,≈≈..............#**≈≈*,,**
,,,,,≈≈≈≈≈≈.............,**≈*,,*
,,,≈≈≈≈≈≈≈≈≈..≈≈...S....,,*≈*,,*
,,≈≈≈≈≈≈≈≈≈..≈≈≈L.......,,*≈*,,*
≈≈≈≈≈≈≈≈≈≈...≈≈≈≈##.....,**≈*,,*
≈≈≈≈≈≈≈≈,..p§≈≈≈≈≈***S$#**≈≈*,,**
≈≈≈≈≈≈≈,,..§...≈≈≈≈≈***#≈≈≈**,,,,
≈≈≈≈≈≈,,,.......≈≈≈≈≈≈≈≈≈≈***,,,,
≈≈≈≈≈≈,,,....)....≈≈≈≈≈≈*** *,***
********,....#########*******,*,,
,,,,,,,,,....,,,,,,,,,,,,,,,,,*,,
,,,,,,,,,,,,,,,,,,,,,,,,∩,,,,,*,,


You could see 2 shock serpents, a wizard and a smoke demon.

Vanquished Creatures
  Cerebov (Pan)
  the Royal Jelly (Slime:5)
  Mnoleg (Pan)
  2 dread liches (Zig:27)
  9 ancient liches
  The ghost of Sackuas the Slayer, a veteran OgBe of Trog (Zot:4)
  A juggernaut (Zig:5)
  The ghost of dolemite99 the Unforgettable, a veteran GnEE of Hepliaklqana (Crypt:2)
  23 royal mummies
  Josephina (Zot:4)
  5 shard shrikes
  Margery (Vaults:3)
  the Lernaean hydra (Swamp:4)
  Bai Suzhen (Swamp:4)
  Saint Roka (Crypt:2)
  4 Killer Klowns
  The ghost of Hali the Executioner, a veteran FoFi of Dithmenos (Crypt:2)
  A curse toe (Zot:3)
  Geryon (Hell)
  9 caustic shrikes
  Jory (Crypt:3)
  31 golden dragons
  Nikola (Vaults:3)
  6 pandemonium lords
  2 bone dragons
  5 iron giants
  7 Brimstone Fiends
  A Tzitzimitl (Pan)
  6 hellephants
  9 Hell Sentinels
  3 electric golems
  10 Ice Fiends
  Zenata (Vaults:1)
  Jorgrun (D:13)
  29 tentacled monstrosities
  3 Orb Guardians (Zot:5)
  13 titans
  7 searing wretches (Zig:15)
  11 deep elf master archers
  4 quicksilver dragons
  32 acid blobs
  Asterion (Vaults:2)
  13 liches
  5 deep elf blademasters
  Murray (Hell)
  A walking divine tome (Depths:2)
  6 Executioners
  Frances (D:12)
  6 tentacled starspawn
  13 sphinxes
  10 death cobs
  Agnes (Spider:1)
  Gastronok (D:11)
  Kirke (D:14)
  5 ancient champions
  3 revenants
  A thorn hunter (Swamp:3)
  8 tengu reavers
  11 storm dragons
  8 shadow dragons
  2 daevas
  8 draconian monks
  An azure jelly (shapeshifter) (Zig:7)
  20 rockslimes
  83 slime creatures
  10 azure jellies
  4 deep elf sorcerers
  10 fire giants
  13 nagarajas
  10 draconian knights
  5 narguns
  Louise (Depths:2)
  12 draconian scorchers
  12 frost giants
  6 orc warlords
  13 emperor scorpions
  7 draconian shifters
  Aizul (Swamp:4)
  25 ghost moths
  3 quicksilver elementals
  30 balrugs
  10 draconian stormcallers
  2 juggernaut zombies
  4 deep elf elementalists
  4 iron dragons
  3 angels
  16 cacodemons
  4 ghouls
  19 vault wardens
  2 curse skulls
  8 broodmothers
  9 demonspawn corrupters
  A spriggan defender (Depths:2)
  9 reapers
  2 caustic shrike zombies
  A quicksilver ooze (shapeshifter) (Vaults:5)
  14 ironbound preservers
  25 stone giants
  3 demonspawn blood saints
  17 vampire knights
  41 very ugly things
  17 war gargoyles
  Nessos (D:15)
  12 draconian annihilators
  A juggernaut skeleton (Zig:21)
  10 ironbound thunderhulks
  2 demonspawn black suns (Pan)
  12 quicksilver oozes
  A caustic shrike skeleton (Tomb:2)
  12 bennus
  10 green draconians
  7 eleionomae
  3 lorocyprocas (Pan)
  13 black draconians
  13 deep elf annihilators
  3 wendigos (Zig:11)
  18 dire elephants
  20 entropy weavers
  15 red draconians
  20 yellow draconians
  10 bunyips
  12 deep elf demonologists
  14 white draconians
  12 purple draconians
  14 spark wasps
  2 eidola
  6 blizzard demons
  12 deep elf death magi
  3 iron golems
  50 mummy priests
  34 green deaths
  A quicksilver dragon zombie (Crypt:1)
  9 ettins
  12 deep elf high priests
  7 fire dragons
  A crystal guardian (Zig:11)
  7 jiangshi
  13 shambling mangroves
  17 great orbs of eyes
  12 ice dragons
  A hell beast (Pan)
  4 rakshasas
  38 vault guards
  3 ogre magi
  15 yaktaur captains
  51 hydras
  11 boulder beetles
  13 salamander tyrants
  5 ghost crabs
  8 ironbound frosthearts
  Harold (D:10)
  4 spriggan skeletons
  The ghost of Qyfeneh the Cleaver, a journeyman DsFi of Cheibriados (Lair:2)
  5 anacondas
  A caustic shrike simulacrum (Hell)
  A hydra (shapeshifter) (Zig:27)
  A juggernaut simulacrum (Zig:13)
  5 spriggan air magi
  6 spriggan zombies
  2 peacekeepers (Vaults:4)
  11 radroaches
  4 jorogumos
  An alligator snapping turtle (shapeshifter) (Zig:7)
  A stoker (Zig:15)
  12 two-headed ogres
  28 dancing weapons
  9 centaur warriors
  2 death knights
  4 naga warriors
  A catoblepas (Lair:6)
  6 deep troll shamans
  9 death yaks (Lair:6)
  7 deep troll earth magi
  15 alligators
  8 tengu warriors
  7 hell hogs (Hell)
  22 death scarabs
  5 thrashing horrors
  6 spriggan berserkers
  11 vampire magi
  10 naga sharpshooters
  Urug (Orc:1)
  The ghost of b0nj0m0n the Martial Artist, a novice DjTm of Makhleb (D:8)
  6 orc high priests
  A storm dragon zombie (Hell)
  32 hell knights
  9 shock serpents
  13 spriggans
  12 soul eaters
  57 sun demons
  Sonja (Orc:1)
  14 deep elf knights
  6 crystal echidnas
  20 sixfirhies
  3 wretched stars
  2 iron trolls
  A goliath frog (shapeshifter) (Vaults:5)
  2 salamander mystics
  15 steelbarb worms
  29 death drakes
  18 pharaoh ants
  5 shadow wraiths
  A death drake (shapeshifter) (Zig:27)
  A sea snake (Elf:3)
  2 titan skeletons
  25 skeletal warriors
  8 flayed ghosts
  2 sun moths
  A golden dragon zombie (Zig:22)
  An anaconda zombie (Crypt:1)
  34 swamp dragons
  5 goliath frogs
  26 orb spiders
  20 deep elf archers
  45 deep trolls
  19 bog bodies
  4 glowing orange brains
  9 shadow demons
  4 naga ritualists
  6 wizards
  An iron giant skeleton (Tomb:3)
  20 ironbound convokers
  14 lindwurms
  5 spriggan druids
  4 obsidian statues
  17 phantasmal warriors
  6 orange crystal statues
  2 shadow dragon zombies
  2 spriggan simulacra
  2 harpies (Vaults:3)
  17 necromancers
  The ghost of happo123 the Digger, a novice GrEE of Qazlal (D:7)
  A goliath frog zombie (Crypt:3)
  23 orc knights
  An anaconda skeleton (Tomb:2)
  30 deep elf pyromancers
  39 deep elf zephyrmancers
  42 ugly things
  2 wolf spiders (shapeshifter)
  2 iron dragon zombies
  A shadow dragon skeleton (Zig:22)
  3 broodmother zombies
  4 sphinx zombies
  A golden dragon skeleton (Depths:3)
  2 tengu skeletons
  4 mana vipers
  A fenstrider witch simulacrum (Tomb:2)
  A stone giant zombie (Tomb:2)
  2 frost giant zombies
  6 oklob plants (Lair:4)
  4 manticores
  A shining eye (shapeshifter) (Depths:3)
  3 fire giant zombies (Hell)
  26 wolf spiders
  5 orc sorcerers
  2 manticores (shapeshifter)
  6 salamanders
  8 shining eyes
  9 cyclopes
  22 elephants
  A sphinx skeleton (Depths:3)
  38 moths of wrath
  11 will-o-the-wisps
  4 worldbinders
  A human skeleton (Crypt:3)
  15 torpor snails
  An eye of devastation (shapeshifter) (Depths:3)
  25 vault sentinels
  5 guardian serpents
  Joseph (D:7)
  An eleionoma skeleton (Crypt:1)
  2 stone giant skeletons
  4 rust devils
  A shock serpent zombie (Crypt:2)
  A molten gargoyle (Hell)
  23 smoke demons
  16 cane toads
  3 water nymphs (shapeshifter)
  16 black mambas
  A titan simulacrum (Depths:2)
  A cane toad (shapeshifter) (Zig:2)
  3 gargoyles
  5 apocalypse crabs
  A shock serpent skeleton (Crypt:3)
  Maurice (D:12)
  5 eyes of devastation
  6 ice statues
  12 naga magi
  A storm dragon simulacrum (Tomb:2)
  3 dire elephant skeletons
  3 rime drakes
  An unseen horror (Zig:13)
  18 orange demons
  8 freezing wraiths
  A komodo dragon (shapeshifter) (D:15)
  26 demonic crawlers
  7 efreet (Pan)
  An iron troll zombie (Crypt:1)
  4 hellions
  8 hellwings
  8 komodo dragons
  33 yaktaurs
  An alligator snapping turtle skeleton (Crypt:2)
  11 ice devils
  A ghost moth simulacrum (Zot:4)
  2 yaktaurs (shapeshifter)
  2 ancient zymes
  3 tengu conjurers
  2 harpy zombies (Hell)
  8 trolls
  3 red devils (Pan)
  97 guardian mummies
  2 bloated husks
  A troll (shapeshifter) (Zig:20)
  16 tyrant leeches
  7 tormentors
  A polar bear (Lair:4)
  A white draconian skeleton (Crypt:2)
  A shadow dragon simulacrum (Zig:13)
  2 tengu simulacra
  8 meliai
  24 tarantellas
  31 hornets
  A wolf spider simulacrum (D:14)
  Grinder (D:4)
  A harpy skeleton (Hell)
  2 sphinx simulacra
  6 dream sheep (Lair:4)
  A radroach zombie (Crypt:3)
  2 raiju (shapeshifter)
  41 blink frogs
  An ice dragon zombie (Crypt:2)
  7 raiju
  A guardian serpent skeleton (Crypt:3)
  50 flying skulls
  Sigmund (D:4)
  An ettin skeleton (Tomb:1)
  A shadow (Zig:16)
  3 wyverns
  26 culicivoras
  30 jumping spiders
  An air elemental (Elf:1)
  13 starcursed masses
  An alligator skeleton (Crypt:1)
  2 centaur simulacra
  8 water elementals
  6 wraiths
  43 yaks
  10 ynoxinuls
  13 golden eyes
  7 hogs (D:14)
  7 fire elementals
  46 ushabtiu
  A yellow draconian simulacrum (Zot:4)
  3 basilisks
  7 humans (D:14)
  68 redbacks
  A red draconian simulacrum (Zot:4)
  12 wargs
  A black mamba skeleton (Crypt:3)
  2 redbacks (shapeshifter)
  4 vampire mosquitoes
  15 chaos spawn
  Menkaure (D:4)
  10 nagas
  A merfolk zombie (Crypt:1)
  15 neqoxecs
  9 swamp worms
  A swamp worm (shapeshifter) (Zig:7)
  4 acid dragons
  A deep troll skeleton (Crypt:2)
  37 large abominations
  4 small abominations
  A merfolk skeleton (Crypt:2)
  5 floating eyes
  A floating eye (shapeshifter) (Vaults:5)
  23 water moccasins
  5 hell hounds (Pan)
  A swamp drake (shapeshifter) (Zig:27)
  A moth of wrath simulacrum (Zot:4)
  4 ice beasts
  55 orc warriors
  6 black bears
  12 swamp drakes
  13 ogres
  2 sky beasts
  A blink frog zombie (Crypt:1)
  15 wolves
  19 centaurs
  5 boggarts (Vaults:3)
  A dream sheep skeleton (Crypt:3)
  A phantom (D:5)
  A hog skeleton (Crypt:1)
  12 bullfrogs
  6 kobold brigands
  2 necrophages (D:6)
  15 earth elementals
  5 scorpions
  A wight (D:6)
  A naga simulacrum (Hell)
  2 water moccasin skeletons (Crypt:2)
  8 killer bees
  5 howler monkeys
  A raiju skeleton (Crypt:1)
  3 electric eels
  3 hounds
  17 orc priests
  A gnoll shaman (D:6)
  Crazy Yiuf (D:3)
  2 centaur zombies (D:8)
  10 jellies
  5 iguanas
  An iron imp (D:7)
  Terence (D:3)
  25 orc wizards
  Natasha (thrice) (D:3)
  5 hell rats (Hell)
  2 tengu zombies
  106 mummies
  7 gnolls
  9 adders
  2 shadow imps (D:7)
  2 ufetubi
  An iguana zombie (Crypt:2)
  A worm (D:2)
  2 dart slugs
  94 orcs
  7 bats
  5 endoplasms
  5 giant cockroaches
  8 goblins
  6 hobgoblins
  4 jackals (D:1)
  7 quokkas
  9 ball pythons
  2 frilled lizards (D:1)
  17 kobolds
  3 rats
  3 ball lightnings (Pan)
  16 pillars of salt (Vaults:2)
  7 starspawn tentacles
4123 creatures vanquished.

Vanquished Creatures (collateral kills)
  Mennas (Vaults:2)
  A Tzitzimitl (Zig:9)
  A Hell Sentinel (Zig:9)
  Roxanne (Swamp:2)
  2 draconian annihilators (Zot:1)
  A purple draconian (Zot:1)
  An elephant (Lair:4)
  A blink frog (Lair:4)
  3 orc warriors (Orc:2)
  4 orcs (Orc:2)
16 creatures vanquished.

Vanquished Creatures (others)
  2 golden dragons
  A titan (Vaults:5)
  A tentacled starspawn (Zig:16)
  An Executioner (Zig:10)
  An eldritch tentacle (Pan)
  A nagaraja (Zig:9)
  A quicksilver elemental (Zig:15)
  A ghost moth (Zig:10)
  A black draconian (Zot:5)
  2 hydras
  A shock serpent (Zig:9)
  A swamp dragon (Zig:19)
  3 orc knights (Orc:2)
  A deep elf archer (Elf:1)
  A smoke demon (Pan)
  An orange demon (Pan)
  A komodo dragon (Lair:2)
  2 hellwings (Pan)
  4 bloated husks
  A jumping spider (Zig:24)
  A neqoxec (Pan)
  A redback (Spider:4)
  A moth of wrath simulacrum (Zot:4)
  A centaur (D:13)
  2 earth elementals (Zig:11)
  3 ball lightnings (Pan)
  A bush (D:3)
  25 foxfires
  57 fungi
  A pillar of salt (Vaults:2)
  57 plants
  3 starspawn tentacles (Zig:16)
  9 toadstools (D:6)
190 creatures vanquished.

Grand Total: 4329 creatures vanquished

Notes
Turn   | Place    | Note
-------+----------+-------------------------------------------
     0 | D:1      | frimble the Gnoll Warper began the quest for the Orb.
     0 | D:1      | Reached XP level 1. HP: 20/20 MP: 6/6
   195 | D:1      | Reached XP level 2. HP: 19/26 MP: 7/7
   203 | D:1      | Learned a level 2 spell: Blink
   631 | D:1      | Reached XP level 3. HP: 31/31 MP: 9/9
   655 | D:1      | Reached skill level 5 in Spellcasting
  1067 | D:2      | Found a glowing golden altar of the Shining One.
  1098 | D:2      | Reached skill level 1 in Invocations
  1241 | D:2      | Reached skill level 1 in Short Blades
  1241 | D:2      | Reached skill level 1 in Long Blades
  1241 | D:2      | Reached skill level 1 in Axes
  1241 | D:2      | Reached skill level 1 in Maces & Flails
  1241 | D:2      | Reached skill level 1 in Polearms
  1241 | D:2      | Reached skill level 1 in Staves
  1241 | D:2      | Reached skill level 1 in Slings
  1241 | D:2      | Reached skill level 1 in Bows
  1241 | D:2      | Reached skill level 1 in Crossbows
  1241 | D:2      | Reached skill level 1 in Stealth
  1241 | D:2      | Reached skill level 1 in Shields
  1241 | D:2      | Reached skill level 1 in Evocations
  1524 | D:2      | Reached XP level 4. HP: 31/38 MP: 11/11
  1802 | D:2      | Identified the +6 trident of Virtue {flame, *Noise Fly
                  | Int+4}
  2214 | D:3      | Reached skill level 1 in Conjurations
  2214 | D:3      | Reached skill level 1 in Hexes
  2214 | D:3      | Reached skill level 1 in Summonings
  2214 | D:3      | Reached skill level 1 in Necromancy
  2214 | D:3      | Reached skill level 1 in Transmutations
  2214 | D:3      | Reached skill level 1 in Fire Magic
  2214 | D:3      | Reached skill level 1 in Ice Magic
  2214 | D:3      | Reached skill level 1 in Air Magic
  2214 | D:3      | Reached skill level 1 in Earth Magic
  2214 | D:3      | Reached skill level 1 in Poison Magic
  2264 | D:3      | Reached XP level 5. HP: 38/43 MP: 12/12
  2336 | D:3      | Identified the +5 scale mail of the Accordion {Fly Int+3
                  | Dex+2}
  2546 | D:3      | Found a runed translucent door.
  2547 | D:3      | Noticed Crazy Yiuf
  2619 | D:3      | Noticed Natasha
  2621 | D:3      | Killed Natasha
  2703 | D:3      | Noticed Natasha
  2705 | D:3      | Killed Natasha
  2706 | D:3      | Reached XP level 6. HP: 43/50 MP: 13/13
  3062 | D:3      | Noticed Terence
  3067 | D:3      | Killed Terence
  3212 | D:3      | Identified the +7 dagger of Eternal War {venom, rElec rC-
                  | Str+9}
  3226 | D:3      | Noticed Natasha
  3232 | D:3      | Killed Natasha
  3233 | D:3      | Reached skill level 5 in Fighting
  3233 | D:3      | Reached skill level 5 in Dodging
  3233 | D:3      | Reached skill level 5 in Unarmed Combat
  3289 | D:3      | Killed Crazy Yiuf
  3298 | D:3      | Identified a scroll of acquirement
  3298 | D:3      | Acquired the ring of Compulsion {rElec Will+}
  3304 | D:3      | Identified the +0 mace "Q" {pain, *Rage +Blink rCorr MP-9}
  3595 | D:4      | Noticed a black bear
  3601 | D:4      | Killed a black bear
  3602 | D:4      | Reached XP level 7. HP: 55/56 MP: 15/15
  3688 | D:4      | Noticed Grinder
  3699 | D:4      | Killed Grinder
  3748 | D:4      | Noticed Menkaure
  3753 | D:4      | Killed Menkaure
  3837 | D:4      | Noticed Sigmund
  3847 | D:4      | Killed Sigmund
  3848 | D:4      | Reached XP level 8. HP: 61/63 MP: 16/16
  3897 | D:4      | Found a sacrificial altar of Ru.
  4562 | D:5      | Entered Level 5 of the Dungeon
  5148 | D:5      | Found an iron altar of Okawaru.
  5639 | D:6      | Reached XP level 9. HP: 52/69 MP: 18/18
  6429 | D:7      | Reached skill level 5 in Throwing
  6429 | D:7      | Reached skill level 5 in Armour
  6479 | D:7      | Found a transporter.
  6724 | D:7      | Noticed a moth of wrath
  6756 | D:7      | Found a transporter.
  6959 | D:7      | Reached skill level 5 in Invocations
  6993 | D:7      | Noticed Joseph
  7007 | D:7      | Killed Joseph
  7205 | D:7      | Found a glowing golden altar of the Shining One.
  7391 | D:7      | Noticed happo123's ghost (novice GrEE)
  7422 | D:7      | Found a snail-covered altar of Cheibriados.
  7429 | D:7      | Became a worshipper of Cheibriados the Contemplative
  7493 | D:6      | Reached XP level 10. HP: 77/77 MP: 20/20
  7556 | D:6      | Reached skill level 5 in Short Blades
  7556 | D:6      | Reached skill level 5 in Long Blades
  7556 | D:6      | Reached skill level 5 in Axes
  7556 | D:6      | Reached skill level 5 in Maces & Flails
  7556 | D:6      | Reached skill level 5 in Polearms
  7556 | D:6      | Reached skill level 5 in Staves
  7556 | D:6      | Reached skill level 5 in Slings
  7556 | D:6      | Reached skill level 5 in Bows
  7556 | D:6      | Reached skill level 5 in Crossbows
  7556 | D:6      | Reached skill level 5 in Stealth
  7556 | D:6      | Reached skill level 5 in Shields
  7556 | D:6      | Reached skill level 5 in Evocations
  7568 | D:6      | Found a staircase to the Ecumenical Temple.
  7710 | D:6      | Found a shimmering blue altar of Sif Muna.
  7737 | D:6      | Got Sif Muna's Papyrus of Attacks
  8012 | D:8      | Noticed a boulder beetle
  8029 | D:8      | Killed a boulder beetle
  8029 | D:8      | Reached * piety under Cheibriados
  8764 | D:8      | Found a runed translucent gate.
  8764 | D:8      | Found a runed translucent gate.
  8764 | D:8      | Found a runed translucent gate.
  8764 | D:8      | Noticed b0nj0m0n's ghost (novice DjTm)
  8767 | D:8      | Found a basalt altar of Yredelemnul.
  9265 | D:8      | Found a burning altar of Makhleb.
  9409 | D:8      | Found a staircase to the Lair.
  9680 | D:9      | Noticed a two-headed ogre
  9701 | D:9      | Killed a two-headed ogre
  9861 | D:9      | Reached ** piety under Cheibriados
  9931 | D:9      | Reached XP level 11. HP: 24/84 MP: 22/22
 10778 | D:9      | Noticed a seven-headed hydra
 10786 | D:9      | Killed a seven-headed hydra
 10787 | D:9      | Reached skill level 5 in Conjurations
 10787 | D:9      | Reached skill level 5 in Hexes
 10787 | D:9      | Reached skill level 5 in Summonings
 10787 | D:9      | Reached skill level 5 in Necromancy
 10787 | D:9      | Reached skill level 5 in Transmutations
 10787 | D:9      | Reached skill level 5 in Fire Magic
 10787 | D:9      | Reached skill level 5 in Ice Magic
 10787 | D:9      | Reached skill level 5 in Air Magic
 10787 | D:9      | Reached skill level 5 in Earth Magic
 10787 | D:9      | Reached skill level 5 in Poison Magic
 10904 | D:10     | Entered Level 10 of the Dungeon
 11237 | D:10     | Found a shimmering altar of Xom.
 11410 | D:10     | Identified the +5 mace "Rovyl" {flame, Will++ rCorr SInv}
 11458 | D:10     | Reached *** piety under Cheibriados
 11527 | D:10     | Found Ozyor's Distillery.
 11592 | D:10     | Noticed Harold
 11607 | D:10     | Killed Harold
 11767 | D:10     | Found a hazy altar of Hepliaklqana.
 11981 | D:11     | Noticed a two-headed ogre
 11991 | D:11     | Killed a two-headed ogre
 12091 | D:11     | Noticed a two-headed ogre
 12106 | D:11     | Killed a two-headed ogre
 12197 | Lair:1   | Entered Level 1 of the Lair of Beasts
 12592 | Lair:1   | Reached XP level 12. HP: 67/93 MP: 24/24
 12854 | Lair:1   | Reached **** piety under Cheibriados
 13035 | Lair:1   | You are sucked into a shaft and drop 1 floor!
 14119 | Lair:2   | Learned a level 3 spell: Ignite Poison
 14124 | Lair:2   | Learned a level 4 spell: Sticky Flame
 14265 | Lair:2   | Noticed Qyfeneh's ghost (journeyman DsFi)
 14275 | Lair:2   | Found a runed translucent door.
 15328 | Lair:3   | Reached ***** piety under Cheibriados
 16355 | Lair:4   | Reached XP level 13. HP: 66/101 MP: 26/26
 17024 | Lair:4   | Found a hole to the Spider Nest.
 17308 | Lair:4   | Found a staircase to the Swamp.
 19698 | Lair:5   | Reached skill level 10 in Spellcasting
 20616 | Lair:6   | Entered Level 6 of the Lair of Beasts
 20736 | Lair:6   | Learned a level 3 spell: Ozocubu's Armour
 20773 | Lair:6   | Reached skill level 10 in Fighting
 20773 | Lair:6   | Reached skill level 10 in Dodging
 20773 | Lair:6   | Reached skill level 10 in Unarmed Combat
 20773 | Lair:6   | Reached XP level 14. HP: 40/110 MP: 15/28
 21542 | Lair:6   | Found a viscous altar of Jiyva.
 21542 | Lair:6   | Found a staircase to the Slime Pits.
 22094 | Lair:6   | Reached ****** piety under Cheibriados
 22102 | Lair:6   | Reached skill level 10 in Invocations
 23309 | Lair:2   | Killed Qyfeneh's ghost
 24340 | D:11     | Found a staircase to the Orcish Mines.
 24925 | D:11     | Noticed Gastronok
 24938 | D:11     | Killed Gastronok
 25358 | D:12     | Noticed Maurice
 25386 | D:12     | Killed Maurice
 25457 | D:12     | Reached skill level 10 in Throwing
 25457 | D:12     | Reached skill level 10 in Armour
 25479 | D:12     | Noticed Frances
 25486 | D:12     | HP: 5/111 [Frances/iron shot (23)]
 25963 | Orc:1    | Entered Level 1 of the Orcish Mines
 25989 | Orc:1    | Reached XP level 15. HP: 77/117 MP: 24/29
 25990 | Orc:1    | Noticed Urug
 26012 | Orc:1    | Killed Urug
 26342 | Orc:1    | Noticed Sonja
 26362 | Orc:1    | Killed Sonja
 26941 | Orc:2    | Entered Level 2 of the Orcish Mines
 27003 | Orc:2    | Found a staircase to the Elven Halls.
 27305 | Orc:2    | Reached skill level 10 in Translocations
 27612 | Orc:2    | Reached skill level 10 in Short Blades
 27612 | Orc:2    | Reached skill level 10 in Long Blades
 27612 | Orc:2    | Reached skill level 10 in Axes
 27612 | Orc:2    | Reached skill level 10 in Maces & Flails
 27612 | Orc:2    | Reached skill level 10 in Polearms
 27612 | Orc:2    | Reached skill level 10 in Staves
 27612 | Orc:2    | Reached skill level 10 in Slings
 27612 | Orc:2    | Reached skill level 10 in Bows
 27612 | Orc:2    | Reached skill level 10 in Crossbows
 27612 | Orc:2    | Reached skill level 10 in Stealth
 27612 | Orc:2    | Reached skill level 10 in Shields
 27612 | Orc:2    | Reached skill level 10 in Evocations
 27706 | Orc:2    | Found Ganwo's Antique Armour Boutique.
 27706 | Orc:2    | Found Ymar's Magic Scroll Shoppe.
 27783 | Orc:2    | Found Katelocs's Jewellery Boutique.
 27783 | Orc:2    | Found Qihargh's General Store.
 28045 | Orc:2    | Bought a scroll of teleportation for 33 gold pieces
 28045 | Orc:2    | Bought a scroll of teleportation for 33 gold pieces
 28045 | Orc:2    | Bought a scroll of enchant armour for 82 gold pieces
 28722 | D:12     | You are sucked into a shaft and drop 1 floor!
 28769 | D:12     | Killed Frances
 29918 | D:13     | Noticed Jorgrun
 29927 | D:13     | Killed Jorgrun
 30025 | D:13     | Found a transporter.
 30031 | D:13     | Found a one-way gate to the infinite horrors of the Abyss.
 30031 | D:13     | Noticed Juicyj's ghost (journeyman MiFi)
 30084 | D:13     | Found a transporter.
 30791 | D:14     | Noticed Kirke
 30813 | D:14     | Killed Kirke
 31203 | D:7      | Killed happo123's ghost
 31309 | D:8      | Killed b0nj0m0n's ghost
 31545 | D:14     | Reached XP level 16. HP: 97/126 MP: 31/31
 31868 | D:15     | Entered Level 15 of the Dungeon
 31937 | D:15     | Noticed Nessos
 31954 | D:15     | Killed Nessos
 32116 | D:15     | Found a staircase to the Depths.
 33218 | D:14     | Found a gate to the Vaults.
 33610 | Elf:1    | Entered Level 1 of the Elven Halls
 33897 | Elf:1    | Paralysed by an air elemental for 1 turns
 35047 | Elf:1    | Reached XP level 17. HP: 108/133 MP: 33/33
 35187 | Elf:2    | Found a runed translucent gate.
 35187 | Elf:2    | Found a runed translucent gate.
 35188 | Elf:2    | Found a runed translucent gate.
 35728 | Elf:3    | Entered Level 3 of the Elven Halls
 35802 | Elf:3    | Learned a level 5 spell: Irradiate
 35808 | Elf:3    | Learned a level 5 spell: Borgnjor's Vile Clutch
 35811 | Elf:3    | Noticed a deep elf master archer
 35816 | Elf:3    | Noticed an Executioner
 35816 | Elf:3    | Killed a deep elf master archer
 35820 | Elf:3    | Noticed a deep elf blademaster
 35827 | Elf:3    | Noticed an Ice Fiend
 35829 | Elf:3    | Noticed a Brimstone Fiend
 35830 | Elf:3    | Killed a deep elf blademaster
 36010 | Elf:3    | Identified the amulet "Zog Kier" {RegenMP Fragile +Blink
                  | rN+ Str+2}
 36010 | Elf:3    | Noticed a deep elf blademaster
 36022 | Elf:3    | Killed a deep elf blademaster
 36109 | Elf:3    | Identified the +5 halberd of Baleful Conscience {flame, rC+
                  | Str-2 Int+3 Dex+2}
 36109 | Elf:3    | Identified the +1 leather armour "Xefel" {*Slow rElec MP+9}
 36109 | Elf:3    | Identified the ring "Ahebb" {rElec Will+}
 36110 | Elf:3    | Identified the ring of Duocuharch {rN+ Will+ Int+4 Dex+6}
 36111 | Elf:3    | Identified the +2 mace "Ankubb" {drain, rPois rN+}
 36276 | Elf:3    | Reached skill level 10 in Conjurations
 36276 | Elf:3    | Reached skill level 10 in Hexes
 36276 | Elf:3    | Reached skill level 10 in Summonings
 36276 | Elf:3    | Reached skill level 10 in Necromancy
 36276 | Elf:3    | Reached skill level 10 in Transmutations
 36276 | Elf:3    | Reached skill level 10 in Fire Magic
 36276 | Elf:3    | Reached skill level 10 in Ice Magic
 36276 | Elf:3    | Reached skill level 10 in Air Magic
 36276 | Elf:3    | Reached skill level 10 in Earth Magic
 36276 | Elf:3    | Reached skill level 10 in Poison Magic
 36327 | Elf:3    | Identified the +2 plate armour "Puax" {rPois Int-2 Slay+3}
 36330 | Elf:3    | Identified the +3 hand crossbow of Biklas {venom, Dex+4}
 36362 | Elf:3    | Identified the ring "Cups" {Fly rF+ rC+}
 36414 | Elf:3    | Identified the +6 halberd of the Sky {elec, rN+ Dex+3
                  | Stlth+}
 36469 | Elf:3    | Identified the +1 chain mail of Synwu {Str+3}
 36519 | Elf:3    | Noticed a deep elf master archer
 36526 | Elf:3    | Killed a deep elf master archer
 36671 | Elf:3    | Got the Tome of Flight and Enchantment
 36728 | Elf:3    | Found a shimmering blue altar of Sif Muna.
 37056 | Elf:3    | Learned a level 7 spell: Ozocubu's Refrigeration
 37364 | Depths:1 | Entered Level 1 of the Depths
 37409 | Depths:1 | Reached XP level 18. HP: 142/142 MP: 35/35
 37735 | Depths:1 | Found a gateway to Hell.
 37973 | Depths:1 | Found Yteseenk's Jewellery Boutique.
 37974 | Depths:1 | Found Riaxaa Cempo's Book Emporium.
 37975 | Depths:1 | Found Etaqommu's Jewellery Boutique.
 38176 | Depths:1 | Found a bloodstained altar of Trog.
 38217 | Depths:1 | You fall into a shaft and drop 1 floor!
 38217 | Depths:2 | Noticed a walking divine tome
 38313 | Depths:1 | Noticed a lich
 38319 | Depths:1 | Killed a lich
 38677 | Depths:2 | Killed a walking divine tome
 38704 | Depths:2 | Identified the +1 ring mail of the Heron {rC+ rN+}
 38875 | Depths:2 | Noticed a tentacled monstrosity
 38885 | Depths:2 | Killed a tentacled monstrosity
 39102 | Depths:2 | Noticed a tentacled monstrosity
 39139 | Depths:2 | Killed a tentacled monstrosity
 39220 | Depths:2 | Reached XP level 19. HP: 143/150 MP: 36/36
 39492 | Depths:2 | Noticed Louise
 39502 | Depths:2 | Killed Louise
 39516 | Depths:2 | Found a one-way gate to the infinite horrors of the Abyss.
 40017 | Depths:2 | Found a one-way gate leading to the halls of Pandemonium.
 40090 | Depths:2 | Noticed a caustic shrike
 40668 | Swamp:1  | Entered Level 1 of the Swamp
 41617 | Swamp:2  | Identified Roxanne's Catalogue of the Mountains
 41617 | Swamp:2  | Noticed Roxanne
 41633 | Swamp:2  | Killed Roxanne
 41651 | Swamp:2  | Learned a level 6 spell: Statue Form
 41893 | Swamp:2  | Identified the +5 war axe of Kismet {spect, *Noise rElec
                  | rF+ Str+7}
 42580 | Swamp:4  | Entered Level 4 of the Swamp
 42969 | Swamp:4  | Reached XP level 20. HP: 159/159 MP: 38/38
 43023 | Swamp:4  | Noticed Aizul
 43036 | Swamp:4  | Killed Aizul
 43100 | Swamp:4  | Reached skill level 15 in Short Blades
 43108 | Swamp:4  | Noticed the 27-headed Lernaean hydra
 43174 | Swamp:4  | Killed the 27-headed Lernaean hydra
 43365 | Swamp:4  | Noticed Bai Suzhen
 43374 | Swamp:4  | Killed Bai Suzhen
 43393 | Swamp:4  | Got a decaying rune of Zot
 43777 | Swamp:3  | Identified the +3 leather armour of Qosiptec {rN+}
 43889 | Spider:1 | Entered Level 1 of the Spider Nest
 43892 | Spider:1 | Noticed Agnes
 43911 | Spider:1 | Killed Agnes
 44081 | Spider:1 | You are sucked into a shaft and drop 1 floor!
 44466 | Spider:1 | Acquired 946 gold pieces
 44662 | Spider:2 | Reached skill level 15 in Invocations
 46092 | Spider:4 | Entered Level 4 of the Spider Nest
 46263 | Spider:4 | Reached XP level 21. HP: 77/167 MP: 39/39
 46558 | Spider:4 | Reached skill level 15 in Spellcasting
 46558 | Spider:4 | Reached XP level 22. HP: 174/174 MP: 41/41
 46562 | Spider:4 | Got a gossamer rune of Zot
 46574 | Spider:4 | Reached skill level 15 in Fighting
 46574 | Spider:4 | Reached skill level 15 in Dodging
 46574 | Spider:4 | Reached skill level 15 in Unarmed Combat
 46574 | Spider:4 | Reached XP level 23. HP: 181/181 MP: 42/42
 47530 | Vaults:1 | Entered Level 1 of the Vaults
 47530 | Vaults:1 | Found a portal to a secret trove of treasure.
 47958 | Vaults:1 | Noticed Zenata
 47961 | Vaults:1 | You are sucked into a shaft and drop 1 floor!
 48068 | Vaults:2 | Found a huge runed gate.
 48068 | Vaults:2 | Found a huge runed gate.
 48068 | Vaults:2 | Found a huge runed gate.
 48068 | Vaults:2 | Found a huge runed gate.
 48068 | Vaults:2 | Found a huge runed gate.
 48069 | Vaults:2 | Found a huge runed gate.
 48069 | Vaults:2 | Found a huge runed gate.
 48069 | Vaults:2 | Found a huge runed gate.
 48069 | Vaults:2 | Found a huge runed gate.
 48069 | Vaults:2 | Found a huge runed gate.
 48070 | Vaults:2 | Found a huge runed gate.
 48071 | Vaults:2 | Found a huge runed gate.
 48072 | Vaults:2 | Found a huge runed gate.
 48073 | Vaults:2 | Found a huge runed gate.
 48074 | Vaults:2 | Found a huge runed gate.
 48194 | Vaults:2 | Found a huge runed gate.
 48194 | Vaults:2 | Found a huge runed gate.
 48194 | Vaults:2 | Found a huge runed gate.
 48194 | Vaults:2 | Found a huge runed gate.
 48194 | Vaults:2 | Found a huge runed gate.
 48194 | Vaults:2 | Found a huge runed gate.
 48195 | Vaults:2 | Found a huge runed gate.
 48196 | Vaults:2 | Found a huge runed gate.
 48197 | Vaults:2 | Found a huge runed gate.
 48205 | Vaults:2 | Found a huge runed gate.
 48205 | Vaults:2 | Found a huge runed gate.
 48205 | Vaults:2 | Found a huge runed gate.
 48205 | Vaults:2 | Found a huge runed gate.
 48205 | Vaults:2 | Found a huge runed gate.
 48213 | Vaults:2 | Found a huge runed gate.
 48214 | Vaults:2 | Found a huge runed gate.
 48215 | Vaults:2 | Found a huge runed gate.
 48216 | Vaults:2 | Found a huge runed gate.
 48224 | Vaults:2 | Found a huge runed gate.
 48224 | Vaults:2 | Found a huge runed gate.
 48224 | Vaults:2 | Found a huge runed gate.
 48443 | Vaults:2 | Noticed Mennas
 48481 | Vaults:2 | HP: 1/235 [Mennas/+4 sacred scourge of holy wrath (13)]
 48481 | Vaults:2 | Killed Mennas
 48690 | Vaults:2 | Noticed Asterion
 48715 | Vaults:2 | Reached skill level 15 in Throwing
 48715 | Vaults:2 | Reached skill level 15 in Armour
 48809 | Vaults:2 | Killed Asterion
 49527 | Vaults:1 | Reached skill level 15 in Long Blades
 49527 | Vaults:1 | Reached skill level 15 in Axes
 49527 | Vaults:1 | Reached skill level 15 in Maces & Flails
 49527 | Vaults:1 | Reached skill level 15 in Polearms
 49527 | Vaults:1 | Reached skill level 15 in Staves
 49527 | Vaults:1 | Reached skill level 15 in Slings
 49527 | Vaults:1 | Reached skill level 15 in Bows
 49527 | Vaults:1 | Reached skill level 15 in Crossbows
 49527 | Vaults:1 | Reached skill level 15 in Stealth
 49527 | Vaults:1 | Reached skill level 15 in Shields
 49527 | Vaults:1 | Reached skill level 15 in Evocations
 49732 | Vaults:1 | Killed Zenata
 50410 | Vaults:3 | Reached XP level 24. HP: 133/190 MP: 30/42
 50497 | Vaults:3 | Noticed Nikola
 50508 | Vaults:3 | Killed Nikola
 50823 | Vaults:3 | Found Lupomung's Jewellery Boutique.
 50825 | Vaults:3 | Found Comm's Assorted Antiques.
 50844 | Vaults:3 | Bought a pair of encrusted boots for 218 gold pieces
 50844 | Vaults:3 | Identified the +0 pair of boots "Cetyd" {Contam rElec rN+
                  | Int+2} (You bought it in a shop on level 3 of the Vaults)
 50856 | Vaults:3 | Found Qeweast's Armour Emporium.
 51470 | Vaults:3 | Found a staircase to the Crypt.
 51470 | Vaults:3 | Found an ancient bone altar of Kikubaaqudgha.
 51471 | Vaults:3 | Found a basalt altar of Yredelemnul.
 51488 | Vaults:3 | Noticed Margery
 51494 | Vaults:3 | Killed Margery
 52861 | Vaults:4 | Found Utyuxil's Antique Weapon Boutique.
 53319 | Vaults:5 | Entered Level 5 of the Vaults
 53400 | Vaults:5 | Reached XP level 25. HP: 141/199 MP: 30/43
 53806 | Vaults:5 | Identified the amulet of Yttaix {Reflect Regen+ Str+3 Dex-2
                  | SH+5}
 54479 | Vaults:5 | Identified the +0 pair of gloves of the Final Olives
                  | {Regen+ rCorr Str+3 Slay+2}
 54538 | Vaults:5 | Got a silver rune of Zot
 54633 | Vaults:5 | Identified the +7 long sword of Accord {flame, *Noise rElec
                  | Will+++ Int+3}
 54674 | Vaults:5 | Noticed an ancient lich
 54686 | Vaults:5 | Killed an ancient lich
 55007 | Vaults:5 | Identified the +3 shortbow "Nynioroa" {flame, Will+ Str+4
                  | Stlth-}
 56110 | Depths:3 | Found Fuomuhur's Antique Armour Shoppe.
 56114 | Depths:3 | Bought a transparent helmet for 418 gold pieces
 56114 | Depths:3 | Identified the -4 helmet of Jouhifop {MP+9 Str+2 Dex-3}
                  | (You bought it in a shop on level 3 of the Depths)
 56116 | Depths:3 | Found Murog's Distillery.
 56122 | Depths:3 | Bought a potion of heal wounds for 85 gold pieces
 56122 | Depths:3 | Bought a potion of heal wounds for 85 gold pieces
 56122 | Depths:3 | Bought a potion of brilliance for 68 gold pieces
 56122 | Depths:3 | Bought a potion of brilliance for 68 gold pieces
 56122 | Depths:3 | Bought a potion of mutation for 136 gold pieces
 56122 | Depths:3 | Bought a potion of might for 68 gold pieces
 56192 | Depths:3 | Reached skill level 15 in Translocations
 56235 | Depths:3 | Identified the +1 broad axe of the Extremes {speed, rF+++
                  | rCorr Str+5 Int-4}
 56791 | Depths:3 | Reached XP level 26. HP: 208/208 MP: 41/44
 57006 | Depths:4 | Entered Level 4 of the Depths
 57038 | Depths:4 | Found a one-way gateway to a ziggurat.
 57713 | Depths:4 | Found a gate to the Realm of Zot.
 58041 | Crypt:1  | Entered Level 1 of the Crypt
 58826 | Crypt:1  | Learned a level 5 spell: Yara's Violent Unravelling
 58851 | Crypt:2  | Noticed an ancient lich
 58861 | Crypt:2  | Killed an ancient lich
 59157 | Crypt:2  | Found a transporter.
 59164 | Crypt:2  | Noticed dolemite99's ghost (veteran GnEE)
 59164 | Crypt:2  | Noticed Hali's ghost (veteran FoFi)
 59259 | Crypt:2  | Found a transporter.
 59270 | Crypt:2  | Noticed Saint Roka
 59297 | Crypt:2  | Killed Saint Roka
 59603 | Crypt:2  | Killed dolemite99's ghost
 59609 | Crypt:2  | Killed Hali's ghost
 59829 | Crypt:3  | Entered Level 3 of the Crypt
 59829 | Crypt:3  | Noticed Jory
 59847 | Crypt:3  | Killed Jory
 60080 | Crypt:3  | Noticed an ancient lich
 60089 | Crypt:3  | Killed an ancient lich
 60335 | Crypt:3  | Found a staircase to the Tomb.
 60494 | Crypt:3  | Reached XP level 27. HP: 216/216 MP: 44/44
 60732 | Crypt:3  | Noticed a royal mummy
 60745 | Crypt:3  | Killed a royal mummy
 61636 | Crypt:3  | Got Jili's Collected Works on the Volcanoes and Summoning
 61711 | Crypt:3  | Got Kikubaaqudgha's Compendium of Sinister Rituals
 61798 | Crypt:3  | Identified the +5 chain mail of Valiance {-Cast rPois rC-
                  | Regen+}
 62212 | Zot:1    | Entered Level 1 of the Realm of Zot
 63064 | Zig:1    | Entered Level 1 of a ziggurat
 63086 | Zig:2    | Entered Level 2 of a ziggurat
 63182 | Zig:3    | Entered Level 3 of a ziggurat
 63200 | Zig:3    | Identified the +4 hunting sling "Piodgh" {venom, rElec
                  | rPois SInv}
 63206 | Zig:4    | Entered Level 4 of a ziggurat
 63230 | Zig:5    | Entered Level 5 of a ziggurat
 63235 | Zig:5    | Noticed a juggernaut
 63241 | Zig:5    | Killed a juggernaut
 63242 | Zig:5    | Reached skill level 15 in Conjurations
 63242 | Zig:5    | Reached skill level 15 in Hexes
 63242 | Zig:5    | Reached skill level 15 in Summonings
 63242 | Zig:5    | Reached skill level 15 in Necromancy
 63242 | Zig:5    | Reached skill level 15 in Transmutations
 63242 | Zig:5    | Reached skill level 15 in Fire Magic
 63242 | Zig:5    | Reached skill level 15 in Ice Magic
 63242 | Zig:5    | Reached skill level 15 in Air Magic
 63242 | Zig:5    | Reached skill level 15 in Earth Magic
 63242 | Zig:5    | Reached skill level 15 in Poison Magic
 63269 | Zig:6    | Entered Level 6 of a ziggurat
 63318 | Zig:7    | Entered Level 7 of a ziggurat
 63345 | Zig:7    | Identified the +3 ring mail "Fahoe" {Str+5}
 63358 | Zig:8    | Entered Level 8 of a ziggurat
 63379 | Zig:8    | Identified the amulet "Poysyuk" {Faith Rampage rC- Will-
                  | Int+4}
 63383 | Zig:8    | Identified the +1 ring mail of Free Expression {rPois rN+
                  | Slay-5}
 63387 | Zig:8    | Got Jetinuw's Compendium of Evil Secrets
 63391 | Zig:9    | Entered Level 9 of a ziggurat
 63399 | Zig:9    | Noticed Zemu the pandemonium lord
 63403 | Zig:9    | Killed Zemu the pandemonium lord
 63452 | Zig:9    | Identified the +5 lajatang of Vodka {antimagic, rElec
                  | Dex+3}
 63490 | Zig:10   | Entered Level 10 of a ziggurat
 63498 | Zig:10   | Found the +8 storm bow {elec, penet}
 63522 | Zig:10   | Identified the +0 pair of boots of the Thistle {rF- Dex+8}
 63539 | Zig:10   | Learned a level 8 spell: Ignition
 63547 | Zig:10   | Got Acokuw's Catalogue of Enthralling Lightness
 63548 | Zig:10   | Identified the +7 rapier of Cublimim {venom, Dex+2}
 63553 | Zig:11   | Entered Level 11 of a ziggurat
 63565 | Zig:11   | Found the brooch of Shielding {Spirit SH+8}
 63588 | Zig:11   | Identified the +4 ring mail "Zuffeux" {rC+ Str+2 Dex+3}
 63595 | Zig:12   | Entered Level 12 of a ziggurat
 63681 | Zig:12   | Identified the -5 helmet of Shielding {-Tele Fly rF+}
 63694 | Zig:12   | Got Toriovor's Catalogue of Transmutation
 63698 | Zig:12   | Learned a level 2 spell: Passwall
 63708 | Zig:13   | Entered Level 13 of a ziggurat
 63766 | Zig:14   | Entered Level 14 of a ziggurat
 63820 | Zig:15   | Entered Level 15 of a ziggurat
 64394 | Slime:1  | Entered Level 1 of the Pits of Slime
 64476 | Slime:4  | Gained mutation: You have a pair of small horns on your
                  | head. [a shining eye]
 64477 | Slime:4  | Gained mutation: Your magical capacity is low. (-10% MP) [a
                  | shining eye]
 64543 | Slime:5  | Entered Level 5 of the Pits of Slime
 64565 | Slime:5  | Paralysed by a floating eye for 4 turns
 64571 | Slime:5  | Gained mutation: You have extremely sharp teeth. [a shining
                  | eye]
 64620 | Slime:5  | Noticed the Royal Jelly
 64628 | Slime:5  | Gained mutation: Your body sometimes deteriorates upon
                  | taking damage. [a shining eye]
 64683 | Slime:5  | Found a viscous altar of Jiyva.
 64794 | Slime:5  | Killed the Royal Jelly
 64908 | Slime:5  | Identified the +9 scimitar of Tamymp {flame, rElec rF-
                  | Will+++ Int-4}
 64921 | Slime:5  | Got the Incunabulum of the Voyage
 64939 | Slime:5  | Got the Collected Works on the Igneous Rocks
 64953 | Slime:5  | Identified the +7 war axe "Tuemm" {flame, *Noise rF+ Str+5
                  | Stlth+}
 64967 | Slime:5  | Identified the +0 war axe "Oczugh" {vorpal, rN+ Will+}
 64978 | Slime:5  | Got a slimy rune of Zot
 64979 | Slime:5  | Identified the +6 lajatang of Zyrei {drain, Will+ rCorr
                  | Str+6 Stlth-}
 64985 | Slime:5  | Identified the amulet "Zeruroma" {RegenMP rF- Slay-2 SInv
                  | Stlth+}
 64999 | Slime:5  | Lost mutation: Your body sometimes deteriorates upon taking
                  | damage. [potion of mutation]
 64999 | Slime:5  | Lost mutation: Your magical capacity is low. (-10% MP)
                  | [potion of mutation]
 64999 | Slime:5  | Lost mutation: You have extremely sharp teeth. [potion of
                  | mutation]
 64999 | Slime:5  | Gained mutation: You have a somewhat thin skeletal
                  | structure. (Dex +2, Stealth+) [potion of mutation]
 64999 | Slime:5  | Gained mutation: You are resistant to electric shocks.
                  | (rElec) [potion of mutation]
 64999 | Slime:5  | Lost mutation: You have a pair of small horns on your head.
                  | [potion of mutation]
 64999 | Slime:5  | Gained mutation: You passively map a small area around you.
                  | [potion of mutation]
 67746 | Zot:4    | Found a large runed translucent door.
 67746 | Zot:4    | Found a large runed translucent door.
 67751 | Zot:4    | Noticed Sackuas's ghost (veteran OgBe)
 67898 | Zot:4    | Identified the ring of Daniocos {Ice Str+4 Slay+3}
 67898 | Zot:4    | Noticed Josephina
 67900 | Zot:4    | Killed Josephina
 68506 | Zot:4    | Killed Sackuas's ghost
 68534 | Zot:4    | Identified the +1 leather armour of Omission {rElec Str+3}
 68603 | Zot:5    | Entered Level 5 of the Realm of Zot
 69228 | Hell     | Entered the Vestibule of Hell
 69255 | Hell     | Noticed Geryon
 69301 | Hell     | Noticed Murray
 69309 | Hell     | Killed Murray
 69452 | Hell     | Killed Geryon
 69455 | Hell     | Gained mutation: You are frail. (-10% HP) [a cacodemon]
 69601 | Hell     | Found a gateway to the ashen valley of Gehenna.
 69606 | Hell     | Lost mutation: You are resistant to electric shocks.
                  | (rElec) [potion of mutation]
 69606 | Hell     | Lost mutation: You have a somewhat thin skeletal structure.
                  | (Dex +2, Stealth+) [potion of mutation]
 69606 | Hell     | Gained mutation: You are very frail. (-20% HP) [potion of
                  | mutation]
 69607 | Hell     | Lost mutation: You passively map a small area around you.
                  | [potion of mutation]
 69607 | Hell     | Lost mutation: You are very frail. (-20% HP) [potion of
                  | mutation]
 69607 | Hell     | Lost mutation: You are frail. (-10% HP) [potion of
                  | mutation]
 69607 | Hell     | Gained mutation: You are frail. (-10% HP) [potion of
                  | mutation]
 69608 | Hell     | Lost mutation: You are frail. (-10% HP) [potion of
                  | mutation]
 69608 | Hell     | Gained mutation: You have large cloven feet. [potion of
                  | mutation]
 69608 | Hell     | Gained mutation: You are frail. (-10% HP) [potion of
                  | mutation]
 69608 | Hell     | Lost mutation: You are frail. (-10% HP) [potion of
                  | mutation]
 69608 | Hell     | Gained mutation: Your mind is acute. (Int +2) [potion of
                  | mutation]
 70026 | Tomb:1   | Entered Level 1 of the Tomb of the Ancients
 70200 | Tomb:1   | Learned a level 1 spell: Apportation
 70412 | Tomb:1   | Identified the +9 scimitar of the Fray {flame, rF+ Dex+4}
 70412 | Tomb:1   | Noticed a royal mummy
 70421 | Tomb:1   | Killed a royal mummy
 70540 | Tomb:1   | Noticed a royal mummy
 70546 | Tomb:1   | Killed a royal mummy
 70796 | Tomb:2   | Noticed a royal mummy
 70796 | Tomb:2   | Noticed a royal mummy
 70796 | Tomb:2   | Noticed a royal mummy
 70796 | Tomb:2   | Noticed a royal mummy
 70981 | Tomb:2   | Killed a royal mummy
 70993 | Tomb:2   | Killed a royal mummy
 71156 | Tomb:3   | Entered Level 3 of the Tomb of the Ancients
 71216 | Tomb:3   | Noticed a royal mummy
 71218 | Tomb:3   | Found the +3 giant club "Skullcrusher" {speed, Str+7}
 71225 | Zig:1    | Entered Level 1 of a ziggurat
 71282 | Zig:2    | Entered Level 2 of a ziggurat
 71303 | Zig:3    | Entered Level 3 of a ziggurat
 71336 | Zig:4    | Entered Level 4 of a ziggurat
 71369 | Zig:5    | Entered Level 5 of a ziggurat
 71405 | Zig:6    | Entered Level 6 of a ziggurat
 71433 | Zig:6    | Identified the ring "Zehub" {*Slow Will+ Int+7 SInv}
 71440 | Zig:6    | Identified the +2 scale mail "Beav Sao" {Slay+3}
 71461 | Zig:7    | Entered Level 7 of a ziggurat
 71480 | Zig:7    | Identified the ring "Liusofyn" {rPois rC+ Dex+4 Stlth+}
 71481 | Zig:7    | Identified the +0 pair of gloves of the Sunfish {rC+
                  | Slay+6}
 71484 | Zig:7    | Identified the +8 trident of Finong {vorpal, Int+4}
 71495 | Zig:8    | Entered Level 8 of a ziggurat
 71527 | Zig:8    | Got the Catalogue of Heat
 71533 | Zig:9    | Entered Level 9 of a ziggurat
 71594 | Zig:10   | Entered Level 10 of a ziggurat
 71629 | Zig:10   | Identified the +10 trident "Ilicul" {freeze, rF+ rN+}
 71637 | Zig:10   | Identified the amulet "Zeuw" {Acrobat Will+}
 71641 | Zig:11   | Entered Level 11 of a ziggurat
 71739 | Zig:11   | Identified the +6 scale mail of the Shoals {Rampage Slay+2
                  | SInv}
 71740 | Zig:11   | Identified the +7 battleaxe "Natijou" {flame, rN+ Int+2
                  | Dex+2}
 71742 | Zig:11   | Identified the +4 dagger of Cataclysm {flame, Will+ Dex+3}
 71788 | Zig:12   | Entered Level 12 of a ziggurat
 71837 | Zig:12   | Identified the +5 mace of Uskayaw's Displeasure {freeze,
                  | *Slow rC+ SInv}
 71840 | Zig:12   | Identified the +2 short sword of frimble's Anguish {pain,
                  | rElec rPois Int+4}
 71850 | Zig:12   | Got the Almanac of Ashen Sinister Rites
 71884 | Zig:13   | Entered Level 13 of a ziggurat
 71955 | Zig:13   | Identified the ring "Zohatafo" {rPois rN+ Str+6 Int-4}
 71956 | Zig:13   | Identified the ring of Lilietia {AC+4 Stlth+}
 71961 | Zig:13   | Identified the +1 robe of the Iron City of Dis {-Cast
                  | Rampage Will+ Regen+}
 71974 | Zig:13   | Identified the +1 leather armour of Inaction {rF++ Will+}
 71975 | Zig:13   | Got the Handbook of Beguiling and Poisoning
 71981 | Zig:14   | Entered Level 14 of a ziggurat
 72012 | Zig:14   | Identified the +2 leather armour of Benevolence {Regen+}
 72079 | Zig:15   | Entered Level 15 of a ziggurat
 72287 | Zig:15   | Learned a level 8 spell: Lehudib's Crystal Spear
 72288 | Zig:16   | Entered Level 16 of a ziggurat
 72416 | Zig:16   | Identified the amulet "Cuiphoup" {Reflect rPois Str+2 SH+5}
 72435 | Zig:16   | Identified the +6 chain mail "Gadwot" {Regen+}
 72461 | Zig:17   | Entered Level 17 of a ziggurat
 72465 | Zig:17   | Noticed Vuvuafuz the pandemonium lord
 72466 | Zig:17   | Noticed Siascha the pandemonium lord
 72470 | Zig:17   | Noticed Vowkiasm the pandemonium lord
 72470 | Zig:17   | Noticed Coimoi Yghir the pandemonium lord
 72471 | Zig:17   | Noticed Zattotou the pandemonium lord
 72472 | Zig:17   | Noticed Baferr the pandemonium lord
 72472 | Zig:17   | Noticed Naneqac the pandemonium lord
 72472 | Zig:17   | Noticed Vasch the pandemonium lord
 72473 | Zig:17   | Found the +8 whip "Snakebite" {venom, curare, rPois}
 72474 | Zig:17   | Identified the +0 leather armour of Action {rPois Regen+
                  | Str+6 Int-4}
 72476 | Zig:18   | Entered Level 18 of a ziggurat
 72656 | Zig:19   | Entered Level 19 of a ziggurat
 72709 | Zig:19   | Identified the ring "Bytzikli" {Wiz rF+ Str+4 Slay+3}
 72734 | Zig:20   | Entered Level 20 of a ziggurat
 72780 | Zig:20   | Found the +8 frozen axe "Frostbite" {freezing cloud, *Noise
                  | Fly rC+}
 72802 | Zig:20   | Identified the +8 broad axe "Enepral" {freeze, rCorr Str+2}
 72860 | Zig:20   | Identified the +4 long sword of Brawling {vorpal, Str+4
                  | SInv}
 72903 | Zig:20   | Acquired the +1 cloak of the Butterfly {rPois Will+}
 72935 | Zig:21   | Entered Level 21 of a ziggurat
 72988 | Zig:21   | Noticed a royal mummy
 72996 | Zig:21   | Killed a royal mummy
 73090 | Zig:21   | Found the +2 hat of the Bear Spirit {Spirit, *Rage Will++}
 73117 | Zig:21   | Identified the +8 longbow of Wondrous Power {flame,
                  | *Corrode rElec Dex+4}
 73122 | Zig:21   | Got the Grimoire of Unholy Secrets
 73130 | Zig:22   | Entered Level 22 of a ziggurat
 73158 | Zig:22   | Noticed a royal mummy
 73171 | Zig:22   | Killed a royal mummy
 73195 | Zig:22   | Noticed a royal mummy
 73199 | Zig:22   | Noticed a royal mummy
 73201 | Zig:22   | Killed a royal mummy
 73208 | Zig:22   | Noticed a royal mummy
 73209 | Zig:22   | Killed a royal mummy
 73209 | Zig:22   | HP: 3/230 [something (23)]
 73210 | Zig:22   | Noticed a royal mummy
 73212 | Zig:22   | Noticed a royal mummy
 73265 | Zig:22   | Killed a royal mummy
 73266 | Zig:22   | Reached skill level 27 in Short Blades
 73267 | Zig:22   | Killed a royal mummy
 73273 | Zig:22   | Noticed a royal mummy
 73290 | Zig:22   | Killed a royal mummy
 73396 | Zig:22   | Killed a royal mummy
 73430 | Zig:22   | Identified the ring of Departure {rPois rF+ rC+ rN+ Will+++
                  | Str-4}
 73431 | Zig:22   | Identified the amulet "Woisk" {Spirit rC+ Dex+4}
 73438 | Zig:22   | Identified the +4 double sword "Osauhaan" {spect, Dex+5}
 73448 | Zig:22   | Identified the +2 short sword of the Winnowing Gnat {drain,
                  | rElec rCorr Stlth-}
 73450 | Zig:22   | Identified the +7 hand axe "Ucwauseg" {flame, *Rage Fly
                  | rN+}
 73470 | Zig:23   | Entered Level 23 of a ziggurat
 73504 | Zig:23   | Lost mutation: Your mind is acute. (Int +2) [a shining eye]
 73528 | Zig:23   | Identified the ring "Hintim" {rElec Int+6}
 73530 | Zig:23   | Identified the ring "Roqarido" {Fire Str+5 Int+6 Stlth-}
 73546 | Zig:23   | Identified the +4 war axe "Sackigh" {spect, Dex+3 Stlth+}
 73556 | Zig:23   | Got Sif Muna's Incunabulum of Dislocation
 73595 | Zig:24   | Entered Level 24 of a ziggurat
 73830 | Zig:24   | Identified the amulet "Potozos" {Regen+ Str+2 Dex+4 Slay+3
                  | SInv}
 73831 | Zig:24   | Identified the ring "Laleth" {rF+ rC+ Int+5 Stlth-}
 73843 | Zig:24   | Identified the +8 lajatang "Orb Guardian's Peril" {holy,
                  | rElec rPois rCorr}
 73853 | Zig:24   | Identified the +9 scale mail of Calculation {Dex+3}
 73868 | Zig:25   | Entered Level 25 of a ziggurat
 74142 | Zig:25   | Found the +8 Vampire's Tooth {vamp}
 74142 | Zig:25   | Found the amulet of the Air {Inacc Air Fly rElec RMsl}
 74148 | Zig:25   | Identified the +8 long sword of the Mauling Augurer
                  | {freeze, rElec rC- Str+7 Dex+3}
 74172 | Zig:25   | Identified the +4 flail of the Disbelieving Shark {vamp,
                  | rN+}
 74184 | Zig:25   | Reached skill level 27 in Invocations
 74206 | Zig:26   | Entered Level 26 of a ziggurat
 74276 | Zig:26   | Reached skill level 27 in Unarmed Combat
 74383 | Zig:26   | Found the macabre finger necklace {rN+}
 74392 | Zig:26   | Identified the ring of Tisy {rCorr Int+3 Dex+6 Slay+2}
 74398 | Zig:26   | Identified the ring of Lies {EV+4 Int+6}
 74415 | Zig:26   | Identified the +4 shortbow "Pohogaec" {vorpal, rC++ Stlth-}
 74416 | Zig:26   | Identified the +8 hand axe of Fee Simple {drain, Fragile
                  | rElec rC++ Int+4}
 74439 | Zig:26   | Learned a level 9 spell: Shatter
 74447 | Zig:27   | Entered Level 27 of a ziggurat
 74464 | Zig:27   | Noticed a dread lich
 74472 | Zig:27   | Killed a dread lich
 74475 | Zig:27   | Noticed a dread lich
 74477 | Zig:27   | Killed a dread lich
 74477 | Zig:27   | Noticed an ancient lich
 74478 | Zig:27   | Noticed an ancient lich
 74479 | Zig:27   | Killed an ancient lich
 74480 | Zig:27   | Killed an ancient lich
 74480 | Zig:27   | Noticed an ancient lich
 74480 | Zig:27   | Noticed an ancient lich
 74481 | Zig:27   | Killed an ancient lich
 74482 | Zig:27   | Killed an ancient lich
 74482 | Zig:27   | Noticed an ancient lich
 74487 | Zig:27   | Killed an ancient lich
 74520 | Zig:27   | Identified the ring of Brawling {rElec rN+}
 74523 | Zig:27   | Identified the ring of Gaotutae {rCorr SInv}
 74537 | Zig:27   | Identified the +10 spear "Tolif" {elec, Str+2 Dex+6}
 74552 | Zig:27   | Identified the +1 chain mail "Sodadin" {Contam rN+ Will++
                  | rCorr}
 74638 | Tomb:3   | Noticed a royal mummy
 74658 | Zig:1    | Entered Level 1 of a ziggurat
 74733 | Zig:2    | Entered Level 2 of a ziggurat
 74744 | Zig:2    | Identified the +1 long sword of Generosity {venom, rPois
                  | rF++ SInv Stlth-}
 74753 | Zig:3    | Entered Level 3 of a ziggurat
 74807 | Zig:4    | Entered Level 4 of a ziggurat
 74809 | Zig:4    | Found the +9 staff of Wucad Mu {*channel}
 74813 | Zig:4    | Reached skill level 27 in Armour
 74831 | Zig:5    | Entered Level 5 of a ziggurat
 74846 | Zig:5    | Identified the +6 shortbow of the Ornamental God {flame,
                  | +Blink Dex+2 SInv}
 74848 | Zig:5    | Identified the +0 long sword "Xarann" {speed, rC+ Stlth+}
 74854 | Zig:6    | Entered Level 6 of a ziggurat
 74885 | Zig:7    | Entered Level 7 of a ziggurat
 74888 | Zig:7    | Noticed Nuppuhuy the pandemonium lord
 74894 | Zig:7    | Killed Nuppuhuy the pandemonium lord
 74917 | Zig:7    | Identified the amulet "Qoenlu Nion" {Acrobat rElec rF+
                  | Str+7}
 74930 | Zig:8    | Entered Level 8 of a ziggurat
 74946 | Zig:8    | Reached skill level 27 in Polearms
 74964 | Zig:9    | Entered Level 9 of a ziggurat
 74978 | Zig:9    | Found the +9 heavy crossbow "Sniper" {vorpal, Acc+∞ SInv}
 75005 | Zig:10   | Entered Level 10 of a ziggurat
 75104 | Zig:10   | Identified the +0 leather armour of Tartarus {Fly rC-
                  | Dex+6}
 75105 | Zig:10   | Identified the +1 quarterstaff of Dullness {pain, Fly Int+4
                  | Dex+3}
 75120 | Zig:10   | Learned a level 9 spell: Polar Vortex
 75143 | Zig:11   | Entered Level 11 of a ziggurat
 75156 | Zig:11   | Noticed an ancient lich
 75157 | Zig:11   | Killed an ancient lich
 75173 | Zig:11   | Identified the ring "Aphoej" {Fly rCorr Str+4}
 75212 | Zig:12   | Entered Level 12 of a ziggurat
 75257 | Zig:12   | Identified the ring of Omeutog {Will+ rCorr}
 75285 | Zig:13   | Entered Level 13 of a ziggurat
 75317 | Zig:13   | Identified the ring of Equilibrium {rCorr AC+4}
 75324 | Zig:13   | Identified the +8 flail "Jaapt" {elec, Str+3 Int+4 Dex+3}
 75327 | Zig:13   | Identified the +5 shortbow of the Head {flame, *Corrode
                  | rC++ Int+4}
 75332 | Zig:13   | Got Sif Muna's Reference Book on Translocation
 75346 | Zig:13   | Learned a level 8 spell: Necromutation
 75358 | Tomb:3   | Killed a royal mummy
 75377 | Tomb:3   | Killed a royal mummy
 75417 | Tomb:3   | Noticed a royal mummy
 75421 | Tomb:3   | Noticed a royal mummy
 75421 | Tomb:3   | Noticed a royal mummy
 75424 | Tomb:3   | Killed a royal mummy
 75429 | Tomb:3   | Killed a royal mummy
 75431 | Tomb:3   | Noticed a royal mummy
 75431 | Tomb:3   | Noticed a royal mummy
 75437 | Tomb:3   | Noticed a royal mummy
 75462 | Tomb:3   | Killed a royal mummy
 75466 | Tomb:3   | Killed a royal mummy
 75473 | Tomb:3   | Killed a royal mummy
 75493 | Tomb:3   | Killed a royal mummy
 75596 | Tomb:3   | Got a golden rune of Zot
 75712 | Tomb:3   | Identified the ring of Bitroru {rF+ Will+ Stlth+}
 75859 | Tomb:3   | Identified the amulet "Ciasun" {RegenMP Fly Str+2}
 75981 | Tomb:2   | Killed a royal mummy
 75989 | Tomb:2   | Killed a royal mummy
 76518 | Pan      | Entered Pandemonium
 76573 | Pan      | Found an exit through the horrors of the Abyss.
 76772 | Pan      | Found a runed translucent door.
 76778 | Pan      | Found a runed translucent door.
 76780 | Pan      | Found a runed translucent door.
 76783 | Pan      | Noticed Rustol the pandemonium lord
 76786 | Pan      | Killed Rustol the pandemonium lord
 76794 | Pan      | Entered the realm of Mnoleg.
 76888 | Pan      | Noticed Mnoleg
 76890 | Pan      | Got a glowing rune of Zot
 76899 | Pan      | Killed Mnoleg
 77069 | Pan      | Noticed Lutiam the pandemonium lord
 77120 | Pan      | Noticed Qatuj the pandemonium lord
 77132 | Pan      | Killed Qatuj the pandemonium lord
 77185 | Pan      | Identified the +1 pair of boots "Fackuac" {rPois}
 77270 | Pan      | Noticed Savysyst the pandemonium lord
 77289 | Pan      | Killed Savysyst the pandemonium lord
 77489 | Pan      | Noticed Doehan the pandemonium lord
 77492 | Pan      | Reached skill level 27 in Shields
 77502 | Pan      | Killed Doehan the pandemonium lord
 77596 | Pan      | Entered the realm of Cerebov.
 77596 | Pan      | Found the +6 sword of Cerebov {flame}
 77596 | Pan      | Noticed Cerebov
 77712 | Pan      | Killed Cerebov
 77717 | Pan      | Identified the +4 broad axe "Beastbane" {venom, *Slow rF++
                  | SInv}
 77717 | Pan      | Identified the ring "Nopnuvuy" {Wiz rF+ Int+4}
 77741 | Pan      | Got a fiery rune of Zot
 77763 | Pan      | Identified the ring "Onerphys" {*Slow rCorr MP+9 Str+2
                  | Dex+7}
 77791 | Pan      | Identified the +2 pair of gloves "Giostaorie" {Slay+2}
 77805 | Pan      | Identified the amulet "Ogeuz" {+Inv rC+ Regen+}
 78013 | Pan      | Entered the realm of Lom Lobon.
 78067 | Pan      | Noticed Lom Lobon
 78074 | Pan      | HP: 9/240 [something (13)]
 78074 | Pan      | Killed from afar by a shock serpent

Illustrated notes

Levels and vault maps discovered:
D:1:      dpeg_arrival_pits, layout_loops_ring
D:2:      minmay_inner_zag, layout_rooms, basic_altar,
          minmay_large_rounded_square
D:3:      layout_loops_ring, uniq_terence, uniq_crazy_yiuf_cottage, uniq_natasha
D:4:      minmay_door_path, layout_basic, lemuel_round_altar, serial_curves,
          eino_curves_03, eino_curves_03, eino_curves_04, uniq_sigmund,
          uniq_grinder, uniq_menkaure
D:5:      layout_loops_cross, mainiacjoe_overflow_alcove_1
D:6:      cheibrodos_fertilizer, layout_basic, led_sif_book,
          minmay_temple_entry_sparse_star, amcnicky_mini_corridor_feature,
          minmay_pentangle
D:7:      layout_basic, chei_slow_surprise, tso_metal_star,
          gammafunk_ghost_berserking_beasts, uniq_joseph
D:8:      layout_layer_cave, nicolae_yredelemnul_ghost_church,
          general_overflow_altar, grunt_lair_entry_orc_guard_hut, serial_glass,
          glass_columns_a, glass_columns_a, glass_columns_b, glass_columns_b,
          glass_columns_c, glass_columns_a, glass_columns_b, glass_columns_a,
          glass_columns_a, glass_columns_b, glass_columns_c, glass_columns_a,
          glass_columns_b, glass_columns_c
D:9:      layout_stronghold, chequers_serial_rivers_micro_c
D:10:     layout_cave_pods, mainiacjoe_overflow_alcove_2, dk_xom_monty_hall,
          serial_shops, nicolae_shop_waterfront, minmay_misc_feat_pillars,
          uniq_harold
D:11:     layout_basic, erik_orc_1, nicolae_elevator_lobby_plus, uniq_gastronok
D:12:     minmay_inside_and_out, layout_loops_ring, drop_trap, uniq_frances,
          uniq_maurice
D:13:     layout_layer_cave, gammafunk_ghost_abyssal_escape, uniq_jorgrun
D:14:     layout_gridville, ximxim_vaults_locker_room,
          nrook_guardian_serpent_ordinary, uniq_kirke
D:15:     gammafunk_enter_depths_forms, layout_cave_pods,
          chequers_serial_rivers_micro_c, hangedman_decor_points,
          corexii_leaking_fountain, minivault_25, uniq_nessos
Lair:1:   layout_regular_city, minmay_stone_trees_small, grunt_megastairs_1,
          infiniplex_staircase_pool_2, serial_bayou_shore_a
Lair:2:   layout_cave_pods, portal_ice_cave_entry_pillars_2,
          hellmonk_ghost_happy_afterlife, lemuel_old_faithful
Lair:3:   layout_cave_pods, beast_lair_carwin_11, grunt_megastairs_3
Lair:4:   layout_long_grid, minmay_swamp_entry_reptiles,
          spider_nest_entry_funnel_web, dpeg_oklob_1, infiniplex_staircase_pool
Lair:5:   layout_hall_layers
Lair:6:   grunt_lair_end_beastmaster, layout_layer_cave, slime_altar_1,
          eino_small_chamber_without_monster
Swamp:1:  layout_basic_swamp, serial_swamp_ruin, evilmike_swamp_ruin_house_6,
          evilmike_swamp_ruin_house_5, evilmike_swamp_ruin_rubble_1
Swamp:2:  layout_falls_marsh, nicolae_swamp_trees_clearing, uniq_roxanne
Swamp:3:  layout_falls_marsh, nicolae_swamp_triple_paths, swamp_pool2
Swamp:4:  swamp_old_school, layout_basic_swamp, swamp_pool3, uniq_bai_suzhen,
          uniq_aizul
Spider:1: layout_spider_delve, uniq_agnes
Spider:2: layout_spider_delve
Spider:3: layout_spider_delve, nicolae_spider_twisty_arc_passages,
          nicolae_spider_cling_halls
Spider:4: hellmonk_spider_rune_bug_friends, nicolae_spider_some_kinda_spiderbox
Slime:1:  nicolae_slime_jelly_donut, layout_caves
Slime:2:  layout_caves
Slime:3:  layout_caves, cheibrodos_slime_lost_civilization_4
Slime:4:  layout_caves
Slime:5
Orc:1:    layout_caves, basic_altar, uniq_urug, uniq_sonja
Orc:2:    st_orc_town, layout_diamond_mine
Elf:1:    eino_elf_arrival_sip, layout_loops_corners,
          kennysheep_underground_church
Elf:2:    elven_hall_of_blades_hangedman_original [mumra_blade_entry_dagger],
          layout_gridlike
Elf:3:    grunt_elf_hall_spiral, layout_geoelf_diagonals, basic_altar
Vaults:1: grunt_vaults_hallway_short, serial_ice_m,
          nicolae_vaults_sealed_display, hangedman_vaults_locks,
          vaults_mumra_hex, v_misc_29, hangedman_vaults_restitches,
          nicolae_vaults_ring_of_whatevers, vaults_room_fours, v_alt_pattern_3,
          vaults_dpeg_diagonal, layout_vaults_quadrants,
          nicolae_trove_entry_free_sample, uniq_zenata
Vaults:2: portal_desolation_entry_garden, v_alt_pattern_6,
          ontoclasm_vaults_idyll, v_alt_pattern_1, v_rooms_4, v_misc_10,
          not_door_vault_due, vaults_mumra_chevron_long, v_alt_pattern_3,
          ontoclasm_vaults_ring_small, nicolae_vaults_rhombus_5,
          nicolae_vaults_diagonal_hallway_8, v_misc_10, vaults_dpeg_cross,
          nicolae_vaults_mini_display_case, layout_vaults_omnibox,
          uniq_asterion, uniq_mennas
Vaults:3: ontoclasm_vaults_ring_large, minmay_crypt_entry_necro_gods,
          vaults_dpeg_spiral, nicolae_vaults_specimen_jars,
          dpeg_vaults_monster_row, v_rooms_6, v_pattern_5,
          hangedman_vaults_stagger, vaults_room_pool, grunt_vaults_funnel,
          v_alt_pattern_1, nicolae_vaults_rhombus_5,
          nicolae_vaults_border_crossing, v_misc_24, layout_vaults_ring,
          serial_shops, nicolae_shop_waterfront, nicolae_square_shop,
          nicolae_square_shop, uniq_nikola, uniq_margery
Vaults:4: v_misc_27, v_misc_8, vaults_room_door_ring, nicolae_vaults_theta,
          nicolae_vaults_little_squares_2, v_rooms_5,
          ontoclasm_vaults_claustrophobia, nicolae_vaults_circle_grid_b,
          nicolae_vaults_little_squares_5, special_room_vaults
          [special_room_orc], v_misc_5, layout_vaults_big_room, serial_shops,
          shop
Vaults:5
Crypt:1:  layout_gridlike, grunt_crypt_arrival_split
Crypt:2:  layout_chaotic_city, nzn_ghost_randoct, uniq_saint_roka
Crypt:3:  due_elkab, layout_chaotic_city, tomb_entry_shell_bobbens,
          st_stairs_12, uniq_jory
Tomb:1
Tomb:2
Tomb:3
Depths:1: layout_roguey, hell_entry, chequers_jeans, minmay_misc_feat_rows,
          dk_noncrumbling_4, st_stairs_11, tgw_trog, minmay_shop_grove,
          serial_bayou_shore_b
Depths:2: hangedman_cross_stitches, layout_cave_pools, hell_entry,
          nicolae_abyss_entry_one_way_or_another, grunt_pan_entry_sceptre,
          nrook_uturn, drop_trap, kennysheep_path_1,
          infiniplex_staircase_zigzag_2
Depths:3: kennysheep_windowed_halls, layout_cave_shapes, lightli_too_deep,
          grunt_pan_entry_spiral, abyss_entry, grunt_decor_resistance,
          minmay_shoptagon
Depths:4: grunt_zot_entry_gee_three, layout_cave_pools, enter_ziggurat_a,
          hell_entry, pan_entry, minmay_microvault
Hell
Zot:1:    layout_misc_corridors, grunt_ministairs_12
Zot:2:    layout_gridlike
Zot:3:    layout_misc_corridors, zot_minivault_8
Zot:4:    layout_gridlike, ebering_ghost_disaster_area, uniq_josephina
Zot:5:    layout_misc_corridors
Pan:      rand_demon_7, layout_chambers, mnoleg_grunt, layout_pan_divisions_b
          [pan_division_quadrant_b4, pan_division_quadrant_b6,
          pan_division_quadrant_b1, pan_division_quadrant_b1],
          nicolae_pan_sigil_obb, evilmike_mini_pan_doors, layout_pan_divisions_b
          [pan_division_quadrant_b2, pan_division_quadrant_b6,
          pan_division_quadrant_b4, pan_division_quadrant_b3], rand_demon_5,
          layout_small_grid, pan_blood_fountain, evilmike_mini_pan_V,
          layout_onion_city, pan_blood_fountain_small, evilmike_mini_pan_3x3,
          layout_small_grid, reaverb_pan_chaos_star, grunt_pan_sceptre,
          layout_gridlike, evilmike_cerebov_lava, layout_gridlike,
          lom_lobon_spiral_st, layout_irregular_city, pan_blood_fountain_small

Skill      XL: |  1  2  3  4  5  6  7  8  9 10 11 12 13 14 15 16 17 18 19 20 21 22 23 24 25 26 27 |
---------------+----------------------------------------------------------------------------------+-----
Spellcasting   | 5 6 7 8 9 10 11 12 13 14 15 16 17 24 | 24.8
Invocations    | 1 2 3 4 5 6 7 8 9 10 11 12 13 14 15 16 17 18 27 | 27.0
Short Blades   | 1 2 3 4 5 6 7 8 9 10 11 12 13 14 16 17 18 19 21 27 | 27.0
Long Blades    | 1 2 3 4 5 6 7 8 9 10 11 12 13 14 15 16 17 26 | 26.6
Axes           | 1 2 3 4 5 6 7 8 9 10 11 12 13 14 15 16 17 24 | 24.5
Maces & Flails | 1 2 3 4 5 6 7 8 9 10 11 12 13 14 15 16 17 24 | 24.5
Polearms       | 1 2 3 4 5 6 7 8 9 10 11 12 13 14 15 16 17 27 | 27.0
Staves         | 1 2 3 4 5 6 7 8 9 10 11 12 13 14 15 16 17 24 | 24.5
Slings         | 1 2 3 4 5 6 7 8 9 10 11 12 13 14 15 16 17 24 | 24.5
Bows           | 1 2 3 4 5 6 7 8 9 10 11 12 13 14 15 16 17 24 | 24.5
Crossbows      | 1 2 3 4 5 6 7 8 9 10 11 12 13 14 15 16 17 24 | 24.5
Stealth        | 1 2 3 4 5 6 7 8 9 10 11 12 13 14 15 16 17 24 | 24.5
Shields        | 1 2 3 4 5 6 7 8 9 10 11 12 13 14 15 16 17 27 | 27.0
Evocations     | 1 2 3 4 5 6 7 8 9 10 11 12 13 14 15 16 17 24 | 24.5
Conjurations   | 1 2 3 4 5 6 7 8 9 10 11 12 13 14 21 | 21.0
Hexes          | 1 2 3 4 5 6 7 8 9 10 11 12 13 14 21 | 21.0
Summonings     | 1 2 3 4 5 6 7 8 9 10 11 12 13 14 21 | 21.0
Necromancy     | 1 2 3 4 5 6 7 8 9 10 11 12 13 14 21 | 21.0
Transmutations | 1 2 3 4 5 6 7 8 9 10 11 12 13 14 21 | 21.0
Fire Magic     | 1 2 3 4 5 6 7 8 9 10 11 12 13 14 23 | 23.8
Ice Magic      | 1 2 3 4 5 6 7 8 9 10 11 12 13 14 21 | 21.0
Air Magic      | 1 2 3 4 5 6 7 8 9 10 11 12 13 14 21 | 21.0
Earth Magic    | 1 2 3 4 5 6 7 8 9 10 11 12 13 14 21 | 21.0
Poison Magic   | 1 2 3 4 5 6 7 8 9 10 11 12 13 14 21 | 21.0
Throwing       | 3 4 5 6 7 8 9 10 11 12 13 14 15 16 17 24 | 24.6
Armour         | 3 4 5 6 7 8 9 10 11 12 13 14 15 16 17 27 | 27.0
Fighting       | 5 6 7 8 9 10 11 12 13 14 15 16 17 24 | 24.8
Dodging        | 5 6 7 8 9 10 11 12 13 14 15 16 17 24 | 24.8
Unarmed Combat | 5 6 7 8 9 10 11 12 13 14 15 16 17 18 27 | 27.0
Translocations | 6 7 8 9 10 11 12 13 14 15 21 | 21.6

Action                   |  1- 3 |  4- 6 |  7- 9 | 10-12 | 13-15 | 16-18 | 19-21 | 22-24 | 25-27 || total
-------------------------+-------+-------+-------+-------+-------+-------+-------+-------+-------++-------
Melee: Unarmed           |    99 |    89 |       |       |       |       |       |       |   519 ||   707
       Bite              |     2 |    10 |    36 |    73 |   158 |   106 |   136 |   162 |   682 ||  1365
       Trident           |       |    86 |   310 |   643 |   729 |       |       |       |       ||  1768
       Punch             |       |     7 |     5 |    37 |    86 |       |       |       |       ||   135
       Eveningstar       |       |       |       |       |   299 |   624 |   667 |   627 |  2130 ||  4347
       Kick              |       |       |       |       |       |       |       |       |   338 ||   338
       Quick blade       |       |       |       |       |       |       |       |       |   186 ||   186
       Broad axe         |       |       |       |       |       |       |       |       |   101 ||   101
       Headbutt          |       |       |       |       |       |       |       |       |    16 ||    16
Throw: Dart              |       |       |    16 |    61 |   147 |   160 |    11 |       |    23 ||   418
       Boomerang         |       |       |       |       |     4 |       |    32 |       |       ||    36
       Throwing net      |       |       |       |       |       |       |     5 |       |     1 ||     6
       Javelin           |       |       |       |       |       |       |       |       |   131 ||   131
 Cast: Blink             |       |       |     3 |    12 |    17 |       |    16 |     5 |    26 ||    79
       Sticky Flame      |       |       |       |     1 |    11 |     5 |       |       |       ||    17
       Ignite Poison     |       |       |       |       |    35 |    32 |     3 |       |     8 ||    78
       Ozocubu's Armour  |       |       |       |       |    19 |    19 |     2 |       |       ||    40
       Borgnjor's Vile C |       |       |       |       |       |    50 |    14 |     2 |    22 ||    88
       Ozocubu's Refrige |       |       |       |       |       |     1 |    15 |   109 |   221 ||   346
       Statue Form       |       |       |       |       |       |       |    28 |    11 |   155 ||   194
       Irradiate         |       |       |       |       |       |       |     2 |     1 |     2 ||     5
       Yara's Violent Un |       |       |       |       |       |       |       |       |     7 ||     7
       Apportation       |       |       |       |       |       |       |       |       |   646 ||   646
       Ignition          |       |       |       |       |       |       |       |       |   167 ||   167
       Shatter           |       |       |       |       |       |       |       |       |    81 ||    81
       Necromutation     |       |       |       |       |       |       |       |       |    30 ||    30
       Passwall          |       |       |       |       |       |       |       |       |    12 ||    12
       Polar Vortex      |       |       |       |       |       |       |       |       |     8 ||     8
Invok: Slouch            |       |       |       |     1 |     5 |     6 |    13 |     1 |    22 ||    48
       Temporal Distorti |       |       |       |       |     1 |     2 |       |       |       ||     3
       Step From Time    |       |       |       |       |       |     1 |     3 |       |    12 ||    16
 Abil: Evoke Blink       |       |       |       |       |       |       |     2 |     1 |     2 ||     5
       End Transformatio |       |       |       |       |       |       |     1 |     1 |    17 ||    19
Evoke: Wand              |       |       |     2 |    14 |    21 |    13 |     4 |       |     7 ||    61
       Box of beasts     |       |       |       |       |       |     1 |       |     1 |     3 ||     5
       Condenser vane    |       |       |       |       |       |       |     2 |       |    17 ||    19
       Tin of tremorston |       |       |       |       |       |       |       |       |     5 ||     5
       Figurine of a zig |       |       |       |       |       |       |       |       |     2 ||     2
  Use: Scroll            |       |     1 |    10 |     7 |    16 |     5 |     4 |     3 |    70 ||   116
       Potion            |       |       |       |     1 |     4 |     2 |     3 |     3 |    51 ||    64
 Stab: Sleeping          |     1 |       |     3 |    12 |    11 |    28 |    24 |    23 |    30 ||   132
       Distracted        |       |       |       |     4 |     9 |    20 |    19 |    17 |    97 ||   166
       Petrified         |       |       |       |       |    13 |       |       |       |       ||    13
       Confused          |       |       |       |       |     1 |       |       |       |       ||     1
Armor: Leather armour    |    28 |    21 |       |       |       |       |       |       |       ||    49
       Scale mail        |       |    51 |   208 |   363 |   312 |   103 |       |       |       ||  1037
       Troll leather arm |       |       |       |       |       |    94 |   127 |   125 |    61 ||   407
       Skin              |       |       |       |       |       |       |   285 |    84 |   770 ||  1139
       Gold dragon scale |       |       |       |       |       |       |       |       |   236 ||   236
       Chain mail        |       |       |       |       |       |       |       |       |   160 ||   160
Dodge: Dodged            |    70 |    81 |   137 |   457 |   828 |   508 |  1121 |   587 |  3113 ||  6902
Block: Other             |       |       |     2 |   159 |   195 |       |       |       |       ||   356
       Reflection        |       |       |       |     2 |    10 |       |       |       |       ||    12
       Buckler           |       |       |       |       |    16 |   264 |   532 |   137 |       ||   949
       Kite shield       |       |       |       |       |       |       |       |   418 |  3463 ||  3881
       Tower shield      |       |       |       |       |       |       |       |       |   584 ||   584

Table legend: (Time is in decaauts)
 A = Elapsed time spent in this place.
 B = Non-inter-level travel time spent in this place.
 C = Inter-level travel time spent in this place.
 D = Time resting spent in this place.
 E = Time spent auto-exploring this place.
 F = Levels seen in this place.
 G = Mean time per level.
                   A        B        C        D        E       F      G
               +--------+--------+--------+--------+--------+-----+--------+
         Total | 122509 | 107690 |  14819 |   2436 |  74890 | 124 |  988.0 |
       Dungeon |  28618 |  22311 |   6307 |     15 |  18800 |  15 | 1907.9 |
          Lair |  17680 |  16134 |   1546 |    315 |  13675 |   6 | 2946.7 |
         Swamp |   5663 |   5303 |    360 |    128 |   4054 |   4 | 1415.8 |
   Spider Nest |   5964 |   5766 |    198 |     62 |   4484 |   4 | 1491.0 |
    Slime Pits |   1154 |   1072 |     82 |    224 |      0 |   5 |  230.8 |
  Orcish Mines |   3609 |   3357 |    252 |     17 |   2628 |   2 | 1804.5 |
   Elven Halls |   5668 |   5308 |    360 |      0 |   4123 |   3 | 1889.3 |
        Vaults |  14223 |  12659 |   1564 |    275 |   9592 |   5 | 2844.6 |
         Crypt |   7624 |   6575 |   1049 |    130 |   4712 |   3 | 2541.3 |
          Tomb |   3924 |   3243 |    681 |    229 |    973 |   3 | 1308.0 |
        Depths |  10354 |   8557 |   1797 |    310 |   6035 |   4 | 2588.5 |
          Hell |    254 |    246 |      8 |      0 |     21 |   1 |  254.0 |
           Zot |   7588 |   6976 |    612 |    148 |   5356 |   5 | 1517.6 |
   Pandemonium |   2139 |   2139 |      0 |      3 |      0 |   9 |  237.7 |
      Ziggurat |   8041 |   8041 |      0 |    577 |    431 |  55 |  146.2 |
               +--------+--------+--------+--------+--------+-----+--------+

Top non-repeatable levels by time:
  Lair:4: 4004 daAuts
 Crypt:3: 3843 daAuts
  Lair:6: 3811 daAuts
Depths:3: 3478 daAuts
    D:11: 3295 daAuts
Vaults:5: 3276 daAuts
Vaults:2: 3133 daAuts
  Lair:2: 2824 daAuts
Vaults:3: 2787 daAuts
Vaults:4: 2757 daAuts
    D:13: 2751 daAuts
    D:12: 2647 daAuts
    D:15: 2634 daAuts
   Elf:1: 2574 daAuts
  Lair:3: 2532 daAuts
